 Dungeon Crawl Stone Soup version 0.28-a0-1493-g08698888e4 (webtiles) character file.

Game seed: 296225450302279112

748718 willcat the Gnoll Blade (level 27, -1/228 HPs)
             Began as a Gnoll Fire Elementalist on Jan 12, 2022.
             Was an Initiate of Gozag.
             Slain by a nargun (7 damage)
             ... while petrified by a nargun
             ... on level 4 of Cocytus on Jan 13, 2022.
             The game lasted 05:30:18 (124008 turns).

willcat the Gnoll Blade (Gnoll Fire Elementalist) Turns: 124008, Time: 05:30:19

Health: -1/228     AC: 17    Str: 10 (11) XL:     27
Magic:  0/48       EV:  2    Int: 21 (27) God:    Gozag
Gold:   7149       SH:  0    Dex: 15 (18) Spells: 1/69 levels left

rFire   + + .      SeeInvis .   a - +9 eudemon blade (holy)
rCold   + + .      Faith    .   Y - +3 kite shield of Hovvimomont {rC+ Int+2}
rNeg    + + +      Spirit   +   H - +1 robe of Vines {NoPotionHeal Regen++++}
rPois   ∞          Reflect  .   W - +2 hood of the Assassin {Detection Stab+ Stlth++}
rElec   +          Harm     .   K - +2 cloak {Will+}
rCorr   +          Rampage  .   k - +1 pair of gloves "Giokiyr" {Fly rC+}
Will    +....      Rnd*Tele +   R - +2 pair of boots {Stlth+} Stlth *+++++++++
                                v - brooch of Shielding {Spirit SH+8}
HPRegen 3.68/turn               B - ring of Dokaboh {*Slow rElec rF+ rCorr Dex+5}
MPRegen 0.31/turn               D - ring "Nedes" {rElec rPois rF+ rN+}

@: petrified, weak-willed, marked, flying, studying 5 skills, frozen potions
A: fangs 1, strong nose, distributed training, teleportitis 1
}: 5/15 runes: barnacled, slimy, silver, obsidian, gossamer
a: Renounce Religion, Potion Petition, Call Merchant, Bribe Branch


You were on level 4 of Cocytus.
You worshipped Gozag.
Gozag was greatly pleased with you.
You visited 16 branches of the dungeon, and saw 69 of its levels.
You visited the Abyss 4 times.
You visited 1 ziggurat, and saw 22 of its levels.
You also visited: Gauntlet and Wizlab.

You collected 38865 gold pieces.
You spent 9822 gold pieces at shops.
You paid 21894 gold pieces to Gozag.

Inventory:

Hand Weapons
 a - a +9 eudemon blade of holy wrath (weapon)
 b - the +8 dagger of Accord {speed, SInv}
   (You found it on level 8 of the Dungeon)

   Attacks with this weapon are significantly faster.
   SInv:      It lets you see invisible.
 S - the +9 hunting sling "Vobbyschy" {vorpal, *Slow rF+ Will+ Int+7}
   (You found it on level 4 of the Shoals)

   Any ammunition fired from it inflicts extra damage upon your enemies.
   Int:       It affects your intelligence (+7).
   rF:        It protects you from fire.
   *Slow:     It may slow you when you take damage.
   Will:      It increases your willpower.
 Z - the +17 lance "Wyrmbane" {slay drac, rPois rF+ rC+ AC+3}
   (You found it on level 15 of a ziggurat)

   It inflicts extra damage against dragons and draconians.
   AC:        It affects your AC (+3).
   rF:        It protects you from fire.
   rC:        It protects you from cold.
   rPois:     It protects you from poison.
Missiles
 Q - 14 throwing nets
Armour
 k - the +1 pair of gloves "Giokiyr" (worn) {Fly rC+}
   (You bought it in a shop on level 2 of the Orcish Mines)

   rC:        It protects you from cold.
   Fly:       It grants you flight.
 A - +9 ice dragon scales
 H - the +1 robe of Vines (worn) {NoPotionHeal Regen++++}
   (You found it on level 6 of a ziggurat)

   Its wearer cannot be healed by potions.
   Regen:     It increases your rate of health regeneration.
 K - a +2 cloak of willpower (worn)
 N - the +18 shield of the Gong {rElec rN+ Will+ EV-5}
   (You took it off a deep elf high priest on level 3 of the Elven Halls)

   It is deafeningly noisy when blocking attacks.
   EV:        It affects your evasion (-5).
   rElec:     It insulates you from electricity.
   rN:        It protects you from negative energy.
   Will:      It increases your willpower.
 R - a +2 pair of boots of stealth (worn)
 W - the +2 hood of the Assassin (worn) {Detection Stab+ Stlth++}
   (You found it on level 22 of a ziggurat)

   It allows the wearer to sense nearby creatures.
   It allows the wearer to make particularly effective stabbing attacks against
   helpless or unaware enemies with any weapon.
   Stlth:     It makes you much more stealthy.
 Y - the +3 kite shield of Hovvimomont (worn) {rC+ Int+2}
   (You took it off a deep elf high priest on level 3 of the Elven Halls)

   Int:       It affects your intelligence (+2).
   rC:        It protects you from cold.
Jewellery
 v - the brooch of Shielding (around neck) {Spirit SH+8}
   (You found it on level 20 of a ziggurat)

   [amulet of guardian spirit]

   It causes incoming damage to be divided between your reserves of health and
   magic.
   SH:        It affects your SH (+8).
 B - the ring of Dokaboh (left hand) {*Slow rElec rF+ rCorr Dex+5}
   (You took it off a deep elf high priest on level 3 of the Elven Halls)

   [ring of protection from fire]

   Dex:       It affects your dexterity (+5).
   rF:        It protects you from fire.
   rElec:     It insulates you from electricity.
   rCorr:     It protects you from acid and corrosion.
   *Slow:     It may slow you when you take damage.
 D - the ring "Nedes" (right hand) {rElec rPois rF+ rN+}
   (You bought it in a shop on level 4 of the Depths)

   [ring of positive energy]

   rF:        It protects you from fire.
   rElec:     It insulates you from electricity.
   rPois:     It protects you from poison.
   rN:        It protects you from negative energy.
 M - the ring of Dithmenos's Delight {rPois Int+6 Dex+4}
   (You found it on level 16 of a ziggurat)

   [ring of intelligence]

   Int:       It affects your intelligence (+6).
   Dex:       It affects your dexterity (+4).
   rPois:     It protects you from poison.
 U - the ring "Pedux" {rN++ rCorr EV+4 SInv Stlth-}
   (You found it on level 17 of a ziggurat)

   [ring of evasion]

   EV:        It affects your evasion (+4).
   rN:        It greatly protects you from negative energy.
   SInv:      It lets you see invisible.
   rCorr:     It protects you from acid and corrosion.
   Stlth:     It makes you less stealthy.
Wands
 g - a wand of digging (11)
 I - a wand of acid (16)
 J - a wand of iceblast (22)
Scrolls
 f - 6 scrolls of holy word
 j - 7 scrolls of blinking
 n - 5 scrolls of magic mapping
 r - 10 scrolls of vulnerability
 t - 12 scrolls of teleportation
 y - 13 scrolls of fog
 C - a scroll of summoning
 F - 7 scrolls of amnesia
 G - 6 scrolls of immolation
 O - 7 scrolls of fear
 P - 6 scrolls of silence
Potions
 c - 3 potions of resistance
 d - 10 potions of lignification
 e - 4 potions of berserk rage
 h - 14 potions of mutation
 i - 7 potions of magic
 l - 14 potions of brilliance
 m - 7 potions of heal wounds
 p - 5 potions of haste
 q - 2 potions of ambrosia
 s - 8 potions of attraction
 u - 5 potions of might
 z - 28 potions of curing
 E - 4 potions of cancellation
Miscellaneous
 o - a condenser vane (inert)
 w - a box of beasts
 x - a lightning rod (4/4)
 L - a phantom mirror


   Skills:
 + Level 21.2 Fighting
 + Level 23.4 Short Blades
 + Level 25.0 Long Blades
 + Level 21.2 Axes
 + Level 22.4 Maces & Flails
 + Level 21.2 Polearms
 + Level 21.2 Staves
 + Level 21.2 Slings
 + Level 23.0 Bows
 + Level 21.2 Crossbows
 + Level 21.2 Throwing
 + Level 21.2 Armour
 + Level 21.6 Dodging
 + Level 21.5 Stealth
 + Level 21.2 Shields
 + Level 21.2 Unarmed Combat
 + Level 21.7 Spellcasting
 + Level 18.3 Conjurations
 + Level 18.1 Hexes
 + Level 18.1 Summonings
 + Level 19.8 Necromancy
 + Level 18.1 Translocations
 + Level 18.1 Transmutations
 + Level 18.8 Fire Magic
 + Level 18.1 Ice Magic
 + Level 18.1 Air Magic
 + Level 18.1 Earth Magic
 + Level 18.1 Poison Magic
 + Level 22.9 Invocations
 + Level 21.2 Evocations


You had one spell level left.
You knew the following spells:

 Your Spells              Type           Power      Damage    Failure   Level
a - Ignition              Fire           40%        3d12      7%          8
b - Blink                 Tloc           100%       N/A       0%          2
c - Borgnjor's Vile Clut  Necr/Erth      40%        N/A       1%          5
d - Orb of Destruction    Conj           39%        9d13      1%          7
e - Summon Mana Viper     Hex/Summ       78%        N/A       1%          5
f - Freezing Cloud        Conj/Ice/Air   39%        6-21      1%          5
g - Airstrike             Air            39%        N/A       0%          4
h - Yara's Violent Unrav  Hex/Tmut       39%        3d16      1%          5
i - Dispel Undead         Necr           82%        3d27      0%          4
j - Shatter               Erth           39%        3d31*     82%         9
k - Discord               Hex            39%        N/A       10%         8
l - Statue Form           Tmut/Erth      52%        N/A       1%          6

Your spell library contained the following spells:

 Spells                   Type           Power      Damage    Failure   Level
 Animate Skeleton         Necr           100%       N/A       0%          1
 Apportation              Tloc           100%       N/A       0%          1
 Beastly Appendage        Tmut           100%       N/A       0%          1
 Foxfire                  Conj/Fire      100%       2x1d9     0%          1
 Freeze                   Ice            100%       1d11      0%          1
 Pain                     Necr           100%       1d9       0%          1
 Sandblast                Erth           100%       2d20      0%          1
 Shock                    Conj/Air       100%       1d9       0%          1
 Slow                     Hex            100%       N/A       0%          1
 Sting                    Tmut/Pois      100%       1d8       0%          1
 Summon Small Mammal      Summ           100%       N/A       0%          1
 Corpse Rot               Necr/Air       100%       N/A       0%          2
 Ensorcelled Hibernation  Hex/Ice        100%       N/A       0%          2
 Passwall                 Tmut/Erth      65%        N/A       0%          2
 Poisonous Vapours        Pois/Air       100%       N/A       0%          2
 Scorch                   Fire           100%       2d10      0%          2
 Static Discharge         Conj/Air       78%        N/A       0%          2
 Sublimation of Blood     Necr           82%        N/A       0%          2
 Wereblood                Tmut           78%        N/A       0%          2
 Call Canine Familiar     Summ           78%        N/A       0%          3
 Confusing Touch          Hex            78%        N/A       0%          3
 Conjure Flame            Conj/Fire      79%        6-21      0%          3
 Dazzling Flash           Conj/Hex       100%       N/A       0%          3
 Frozen Ramparts          Ice            100%       1d12      0%          3
 Ignite Poison            Fire/Tmut/Pois 79%        N/A       0%          3
 Inner Flame              Hex/Fire       79%        N/A       0%          3
 Lesser Beckoning         Tloc           78%        N/A       0%          3
 Mephitic Cloud           Conj/Pois/Air  78%        N/A       0%          3
 Ozocubu's Armour         Ice            78%        N/A       0%          3
 Portal Projectile        Hex/Tloc       100%       N/A       0%          3
 Spider Form              Tmut/Pois      78%        N/A       0%          3
 Stone Arrow              Conj/Erth      100%       3d13      0%          3
 Summon Guardian Golem    Hex/Summ       78%        N/A       0%          3
 Swiftness                Air            78%        N/A       0%          3
 Vampiric Draining        Necr           82%        2d11      0%          3
 Anguish                  Hex/Necr       40%        N/A       0%          4
 Animate Armour           Summ/Erth      100%       N/A       0%          4
 Animate Dead             Necr           41%        N/A       0%          4
 Cause Fear               Hex            39%        N/A       0%          4
 Flame Wave               Conj/Fire      79%        2d11      0%          4
 Fulminant Prism          Conj/Hex       39%        3d18      0%          4
 Hailstorm                Conj/Ice       78%        3d16      0%          4
 Ice Form                 Ice/Tmut       78%        N/A       0%          4
 Iskenderun's Mystic Bla  Conj/Tloc      78%        2d16      0%          4
 Petrify                  Tmut/Erth      78%        N/A       0%          4
 Sticky Flame             Conj/Fire      79%        2d9       0%          4
 Summon Ice Beast         Ice/Summ       78%        N/A       0%          4
 Summon Lightning Spire   Summ/Air       78%        N/A       0%          4
 Agony                    Necr           82%        N/A       1%          5
 Alistair's Intoxication  Tmut/Pois      52%        N/A       1%          5
 Excruciating Wounds      Necr           41%        N/A       1%          5
 Iskenderun's Battlesphe  Conj           79%        2d13      1%          5
 Lee's Rapid Deconstruct  Erth           39%        3d20*     1%          5
 Lightning Bolt           Conj/Air       39%        1d57      1%          5
 Manifold Assault         Tloc           78%        N/A       1%          5
 Metabolic Englaciation   Hex/Ice        39%        N/A       1%          5
 Silence                  Hex/Air        39%        N/A       1%          5
 Summon Forest            Summ/Tloc      39%        N/A       1%          5
 Conjure Ball Lightning   Conj/Air       39%        3x3d13    1%          6
 Death Channel            Necr           41%        N/A       1%          6
 Dispersal                Tloc           39%        N/A       1%          6
 Eringya's Noxious Bog    Tmut/Pois      39%        N/A       1%          6
 Iron Shot                Conj/Erth      39%        9d8       1%          6
 Simulacrum               Ice/Necr       40%        N/A       1%          6
 Starburst                Conj/Fire      39%        6d11      1%          6
 Summon Cactus Giant      Summ           39%        N/A       1%          6
 Ozocubu's Refrigeration  Ice            39%        4d12      1%          7
 Spellforged Servitor     Conj/Summ      39%        N/A       1%          7
 Storm Form               Tmut/Air       39%        N/A       1%          7
 Summon Hydra             Summ           39%        N/A       1%          7
 Lehudib's Crystal Spear  Conj/Erth      39%        10d10     9%          8
 Disjunction              Tloc           39%        N/A       10%         8


Dungeon Overview and Level Annotations

Branches:
Dungeon (15/15)            Temple (1/1) D:7            Lair (6/6) D:10
 Shoals (4/4) Lair:2       Spider (4/4) Lair:2        Slime (5/5) Lair:6
    Orc (2/2) D:10            Elf (3/3) Orc:2        Vaults (5/5) D:13
  Crypt (3/3) Vaults:3       Tomb (0/3) Crypt:3      Depths (4/4) D:15
   Hell (visited)             Dis (0/7) Hell            Geh (7/7) Hell
    Coc (4/7) Hell            Tar (1/7) Hell            Zot (4/5) Depths:4
 WizLab (visited)         Gauntlet (visited)

Altars:
Ashenzari
Cheibriados
Dithmenos
Elyvilon
Fedhas
Gozag
Hepliaklqana
Kikubaaqudgha
Makhleb
Nemelex Xobeh
Okawaru
Qazlal
Ru
Sif Muna
Trog
Uskayaw
Vehumet
Wu Jian
Xom
Yredelemnul
Zin
The Shining One
Beogh
Jiyva

Shops:
D:1 *((!   D:6 *   D:7 ?   D:14 !   Orc:1 ?   Orc:2 [[=**[:   Lair:4 *
Shoals:1 [   Shoals:2 [[   Spider:4 *   Vaults:1 [   Vaults:4 *   Depths:1 **
Depths:2 *   Depths:3 (   Depths:4 =:=

Portals:
Hell: Depths:1 Depths:2 Depths:3 Depths:4
Abyss: Depths:1 Depths:3
Pandemonium: Depths:2

Annotations:
Shoals:3 Roxanne
Orc:1 exclusion: player ghost
Elf:1 6 runed translucent doors
Elf:2 3 runed translucent doors
Hell exclusion: orange crystal statue


Innate Abilities, Weirdness & Mutations

You have very sharp teeth.
Your uncanny sense of smell can sniff out nearby items.
Your experience applies equally to all skills.
You are occasionally teleported next to monsters.


Message History

The Ice Fiend claws you! The Ice Fiend freezes you! You resist.
The Ice Fiend claws you but does no damage.
You struggle to resist.
The Ice Fiend completely misses you. The Ice Fiend claws you!
The Ice Fiend freezes you! You resist. The nargun hits you!
The nargun bites you!! The nargun freezes you! You resist.
* * * LOW HITPOINT WARNING * * *
The Ice Fiend claws you but does no damage.
The Ice Fiend claws you!
* * * LOW HITPOINT WARNING * * *
The Ice Fiend freezes you! You resist.
* * * LOW HITPOINT WARNING * * *
The nargun hits you but does no damage. The nargun bites you.
* * * LOW HITPOINT WARNING * * *
The nargun freezes you! You resist.
* * * LOW HITPOINT WARNING * * *
The Ice Fiend claws you.
* * * LOW HITPOINT WARNING * * *
The Ice Fiend freezes you! You resist.
* * * LOW HITPOINT WARNING * * *
The Ice Fiend claws you.
* * * LOW HITPOINT WARNING * * *
The Ice Fiend freezes you! You resist.
* * * LOW HITPOINT WARNING * * *
The nargun hits you!
* * * LOW HITPOINT WARNING * * *
The nargun bites you!
* * * LOW HITPOINT WARNING * * *
The nargun freezes you! You resist.
* * * LOW HITPOINT WARNING * * *
The Ice Fiend gestures at you. The bolt of cold hits you. You resist.
* * * LOW HITPOINT WARNING * * *
The nargun hits you!
* * * LOW HITPOINT WARNING * * *
The nargun bites you!!
* * * LOW HITPOINT WARNING * * *
The nargun freezes you! You resist.
You die...
Your body crumbles into a pile of gold.

## ##.##
##9C.#..##
#@19.$...≈
###Z....≈≈
####.≈≈ ≈
{


You could see a titan, an Ice Fiend, 2 narguns and a titan simulacrum.

Vanquished Creatures
  Asmodeus (Geh:7)
  the Royal Jelly (Slime:5)
  5 dread liches
  An orb of fire (Zot:4)
  7 ancient liches
  Mennas (Vaults:1)
  2 juggernauts (Zig:17)
  6 royal mummies
  3 Killer Klowns
  2 shard shrikes (Coc:1)
  Saint Roka (Crypt:1)
  2 curse toes (Zot:3)
  Nikola (Depths:1)
  3 caustic shrikes (Depths:3)
  Geryon (Hell)
  6 golden dragons
  4 profane servitors
  2 bone dragons
  2 electric golems
  5 Brimstone Fiends (Geh:7)
  A shard shrike zombie (Hell)
  5 hellephants
  A tainted leviathan (Tar:1)
  A Hell Sentinel (Abyss:5)
  20 tentacled monstrosities
  12 liches
  A shard shrike skeleton (Abyss:5)
  Jorgrun (Shoals:1)
  A walking earthen tome (Depths:1)
  2 pandemonium lords (Zig:6)
  The ghost of Wextibu the Brawler, an adept DrTm of Sif Muna (Shoals:2)
  7 quicksilver dragons
  15 searing wretches
  A walking divine tome (Depths:2)
  3 titans
  16 ancient champions
  20 acid blobs
  4 deep elf master archers
  Frances (Shoals:2)
  2 deep elf blademasters (Zig:13)
  A sphinx (shapeshifter) (Zig:6)
  7 tentacled starspawn (Abyss:5)
  A kraken (Shoals:3)
  An Executioner (Zig:2)
  8 death cobs
  3 sphinxes
  12 rockslimes
  18 shadow dragons
  6 draconian monks
  8 revenants
  10 storm dragons
  A nagaraja (Zig:15)
  9 tengu reavers
  20 fire giants
  9 azure jellies
  A fire giant (shapeshifter) (Zig:2)
  4 narguns
  A demonspawn warmonger (Zig:7)
  10 deep elf sorcerers
  2 orc warlords
  8 draconian knights
  11 vault wardens
  2 iron dragons
  8 frost giants
  9 draconian scorchers
  4 caustic shrike zombies (Depths:2)
  A shard shrike simulacrum (Coc:4)
  11 draconian stormcallers
  8 ghost moths
  21 balrugs
  8 emperor scorpions
  10 curse skulls
  7 draconian shifters
  5 deep elf elementalists (Elf:3)
  5 draconian annihilators
  2 juggernaut zombies (Depths:2)
  3 cacodemons
  5 war gargoyles
  4 quicksilver oozes (Slime:5)
  4 ghouls
  3 reapers
  20 ironbound preservers
  2 ironbound thunderhulks
  A demonspawn blood saint (Zig:7)
  A spriggan defender (Depths:4)
  12 stone giants
  9 vampire knights
  13 green draconians
  20 very ugly things
  2 juggernaut skeletons
  An elemental wellspring (Coc:3)
  8 deep elf demonologists
  10 black draconians
  6 deep elf annihilators
  The ghost of Uwkokhav the Blocker, a journeyman GnFi of Cheibriados (Orc:1)
  12 yellow draconians
  7 entropy weavers
  9 spark wasps
  A wendigo (Coc:3)
  10 dire elephants
  8 purple draconians
  11 white draconians
  6 red draconians
  A minotaur (Gauntlet)
  The ghost of gimp the Severer, a journeyman HOFi of Okawaru (D:12)
  10 ettins
  Snorg (Lair:3)
  3 iron golems
  5 crystal guardians
  Josephine (D:9)
  9 deep elf death magi
  15 yaktaur captains
  A blizzard demon (Hell)
  2 green deaths
  3 jiangshi (Crypt:1)
  4 fire dragons
  2 quicksilver dragon zombies
  9 eidola
  A mummy priest (Zig:4)
  9 merfolk impalers
  10 great orbs of eyes
  12 deep elf high priests
  2 quicksilver dragon skeletons (Crypt:3)
  A merfolk javelineer (Shoals:4)
  3 rakshasas
  3 spriggan zombies
  4 ice dragons
  A spriggan skeleton (Depths:3)
  7 catoblepae
  A jorogumo (Spider:3)
  4 ogre magi
  11 boulder beetles
  8 salamander tyrants
  33 vault guards
  A hell beast (Depths:3)
  5 spriggan air magi
  A radroach (Spider:3)
  10 hydras
  5 merfolk avatars
  2 fenstrider witch skeletons (Crypt:1)
  6 ironbound frosthearts
  5 centaur warriors
  5 death knights
  2 death scarabs
  5 two-headed ogres (D:12)
  A satyr (shapeshifter) (Vaults:1)
  11 merfolk aquamancers
  11 thrashing horrors (Abyss:5)
  2 deep troll earth magi
  A stoker (Geh:7)
  8 death yaks
  11 vampire magi
  6 deep troll shamans
  A titan zombie (Depths:2)
  5 hell hogs
  5 spriggan berserkers
  5 tengu warriors
  9 orc high priests
  3 spriggans (Depths:4)
  A spectral dire elephant (Tar:1)
  6 soul eaters
  2 wretched stars (Abyss:5)
  5 pharaoh ants
  4 sun demons
  2 shadow wraiths (Zig:20)
  16 hell knights
  A sun moth (Spider:4)
  4 spatial maelstroms
  26 deep elf knights
  A sixfirhy (Abyss:5)
  30 skeletal warriors
  9 iron trolls
  28 sea snakes
  15 large abominations
  49 deep trolls
  An entropy weaver zombie (Crypt:2)
  10 flayed ghosts
  10 orb spiders
  A deep troll (shapeshifter) (Zig:12)
  An anaconda skeleton (Crypt:1)
  A shadow demon (Abyss:5)
  5 steelbarb worms
  7 wizards
  A glowing orange brain (Slime:4)
  16 ironbound convokers
  3 tengu zombies (Depths:2)
  5 spark wasp zombies
  6 orc knights
  A shadow dragon zombie (Depths:2)
  13 phantasmal warriors
  30 harpies
  26 deep elf zephyrmancers
  23 necromancers
  14 lindwurms
  19 deep elf archers
  29 deep elf pyromancers
  A mana viper (shapeshifter) (Vaults:5)
  5 fire giant zombies (Depths:2)
  39 ugly things
  2 frost giant zombies (Depths:2)
  10 fauns
  25 wolf spiders
  6 cyclopes
  A stone giant zombie (Crypt:1)
  A salamander (Depths:3)
  A sphinx zombie (Depths:2)
  3 orc sorcerers
  6 shining eyes
  An oklob plant (Gauntlet)
  A worldbinder (Abyss:5)
  Maurice (D:9)
  20 manticores
  15 merfolk sirens
  7 elephants
  7 black mambas
  23 moths of wrath
  A naga mage (Zig:15)
  2 dire elephant zombies (Crypt:3)
  An eleionoma skeleton (Crypt:1)
  14 vault sentinels
  A fire giant skeleton (Zig:9)
  A gargoyle (D:5)
  An elephant (shapeshifter) (Vaults:5)
  14 water nymphs
  An apocalypse crab (Geh:1)
  5 smoke demons
  An eye of devastation (Lair:6)
  6 torpor snails
  8 cane toads
  A cane toad (shapeshifter) (Zig:13)
  A black draconian zombie (Crypt:1)
  11 hellions
  8 demonic crawlers
  A swamp worm zombie (Crypt:1)
  24 yaktaurs
  10 komodo dragons
  An efreet (Abyss:5)
  A yaktaur (shapeshifter) (Gauntlet)
  A dire elephant skeleton (Crypt:3)
  An orange demon (Hell)
  6 tengu conjurers
  8 freezing wraiths
  An unseen horror (Zig:1)
  A bunyip simulacrum (Coc:2)
  2 rime drakes
  2 hellwings
  A spark wasp simulacrum (Depths:3)
  An iron troll zombie (Crypt:1)
  A death drake zombie (Crypt:2)
  3 tormentors
  2 red devils
  4 ancient zymes (Abyss:5)
  3 hydra zombies
  5 guardian mummies (Zig:9)
  A queen bee (shapeshifter) (Abyss:5)
  A troll (shapeshifter) (Gauntlet)
  2 meliai
  2 polar bears (Lair:5)
  51 merfolk
  18 hornets
  15 tarantellas
  6 trolls
  9 wind drakes
  8 blink frogs
  A harpy skeleton (Crypt:1)
  A blink frog (shapeshifter) (Gauntlet)
  A culicivora zombie (Crypt:1)
  69 slime creatures
  An ettin zombie (Crypt:3)
  A hornet (shapeshifter) (Depths:1)
  A frost giant simulacrum (Vaults:2)
  A meliai zombie (D:10)
  6 dream sheep
  7 raiju (Abyss:5)
  A tarantella zombie (Crypt:2)
  12 jumping spiders
  3 stone giant simulacra
  8 snapping turtles
  2 air elementals
  A shadow (D:13)
  Sigmund (D:2)
  38 flying skulls
  2 vampires
  A ynoxinul (Abyss:5)
  23 water elementals
  12 culicivoras
  2 ushabtiu (Zig:9)
  47 yaks
  2 dire elephant simulacra
  18 wraiths
  A naga simulacrum (Coc:3)
  A basilisk (shapeshifter) (Zig:13)
  8 chaos spawn
  3 fire bats (Lair:1)
  2 hogs (Shoals:4)
  5 wyverns
  3 fire elementals (Elf:1)
  7 golden eyes
  6 basilisks
  10 vampire mosquitoes
  A steam dragon (D:9)
  Grum (D:11)
  44 redbacks
  7 neqoxecs (Abyss:5)
  A redback simulacrum (D:14)
  A spatial vortex (Abyss:5)
  3 harpy simulacra
  A demonspawn zombie (Crypt:2)
  A swamp worm (D:7)
  A naga skeleton (Crypt:1)
  10 wargs
  A naga zombie (Hell)
  18 water moccasins
  4 acid dragons
  6 hell hounds
  A floating eye (Lair:6)
  A deep troll skeleton (Crypt:2)
  2 hornet zombies (D:7)
  33 orc warriors
  3 ettin simulacra
  16 necrophages
  An ice beast (D:5)
  2 sky beasts
  12 ogres
  12 wolves
  18 centaurs
  A swamp dragon skeleton (Crypt:1)
  2 phantoms
  5 kobold brigands
  3 elf zombies
  An elf skeleton (Crypt:2)
  5 scorpions
  A gnoll sergeant (D:12)
  10 bullfrogs
  4 earth elementals
  A water moccasin zombie (Crypt:1)
  A human skeleton (Vaults:2)
  3 wights (D:9)
  An electric eel (Lair:1)
  A lava snake (Lair:1)
  2 centaur zombies
  7 hounds
  8 starcursed masses (Abyss:5)
  A bullfrog zombie (D:6)
  3 centaur skeletons
  A jelly (D:8)
  8 small abominations (Abyss:5)
  45 orc priests
  2 bullfrog skeletons (D:4)
  3 iguanas
  24 orc wizards
  9 hell rats
  A killer bee zombie (D:9)
  2 hound skeletons
  9 mummies
  A howler monkey zombie (D:8)
  3 gnolls
  4 adders
  3 white imps
  2 ufetubi
  An adder skeleton (D:4)
  5 worms (D:2)
  2 dart slugs
  96 orcs
  9 ball pythons
  4 bats
  A bat skeleton (Crypt:1)
  3 endoplasms
  A giant cockroach (D:2)
  6 goblins
  9 hobgoblins
  14 jackals
  7 frilled lizards
  15 kobolds
  6 rats
  A rat skeleton (Crypt:1)
  A river rat skeleton (Crypt:2)
  4 creeping infernos
  3 fire vortices
  5 starspawn tentacles (Abyss:5)
  A tentacle (Shoals:3)
2660 creatures vanquished.

Vanquished Creatures (collateral kills)
  2 ancient liches
  A juggernaut (Zig:17)
  Bai Suzhen (Vaults:2)
  2 caustic shrikes (Depths:3)
  A golden dragon (Vaults:5)
  The ghost of abarbat the Executioner, an adept MiBe of Trog (Vaults:4)
  3 tentacled monstrosities
  2 liches
  A searing wretch (Geh:7)
  Rupert (Spider:1)
  2 titans (Vaults:5)
  2 deep elf blademasters
  2 acid blobs
  A quicksilver dragon (Vaults:5)
  2 sphinxes
  2 death cobs (Zot:2)
  3 shadow dragons
  A storm dragon (Depths:2)
  Kirke (Shoals:4)
  A tengu reaver (Depths:2)
  An azure jelly (Slime:5)
  2 frost giants
  3 draconian monks
  A draconian knight (Zig:15)
  10 fire giants
  A rockslime (Slime:1)
  2 iron dragons
  3 ghost moths (Spider:4)
  A balrug (Geh:1)
  A quicksilver ooze (Slime:2)
  3 orc warlords (Zig:17)
  2 vault wardens
  7 draconian scorchers
  2 draconian stormcallers
  A war gargoyle (Zig:12)
  2 very ugly things
  A broodmother (Spider:3)
  5 draconian annihilators
  3 stone giants
  3 ironbound preservers (Vaults:5)
  2 ironbound thunderhulks
  2 black draconians
  2 dire elephants
  4 spark wasps
  A red draconian (Zig:11)
  6 purple draconians
  An entropy weaver (Spider:4)
  A deep elf death mage (Vaults:1)
  2 ettins
  2 merfolk javelineers
  3 merfolk impalers
  A rakshasa (WizLab)
  A peacekeeper (Vaults:2)
  A vault guard (Vaults:5)
  3 salamander tyrants
  A boulder beetle (D:11)
  2 deep elf high priests (Vaults:5)
  A hydra (D:9)
  5 hell beasts (Geh:1)
  2 ironbound frosthearts
  An alligator snapping turtle (Shoals:4)
  2 death yaks
  A merfolk aquamancer (Shoals:4)
  2 deep troll shamans
  A deep troll earth mage (Depths:1)
  2 orc high priests (Zig:17)
  A two-headed ogre (D:10)
  A sun demon (Hell)
  13 hell hogs
  A vampire mage (Depths:1)
  A soul eater (Hell)
  A hell knight (Depths:2)
  A salamander mystic (Zig:15)
  A steelbarb worm (Spider:2)
  A golden dragon zombie (Depths:3)
  2 sun moths
  12 deep trolls
  3 orb spiders
  A phantasmal warrior (Vaults:5)
  6 sea snakes
  An ironbound convoker (Vaults:5)
  2 spriggan simulacra
  A lindwurm (Vaults:1)
  8 harpies
  An orc knight (Vaults:5)
  5 deep elf zephyrmancers
  A necromancer (Vaults:2)
  2 deep elf pyromancers (Elf:3)
  5 wolf spiders
  2 cyclopes
  2 ugly things
  6 manticores
  An orc sorcerer (Zig:17)
  4 elephants
  2 merfolk sirens
  3 moths of wrath
  3 water nymphs (Zig:16)
  An eye of devastation (Slime:1)
  2 apocalypse crabs (Geh:1)
  3 vault sentinels
  3 torpor snails
  A cane toad (Lair:4)
  A torpor snail (shapeshifter) (Zig:6)
  A hellion (Geh:1)
  6 yaktaurs
  A freezing wraith (D:12)
  A komodo dragon (Lair:6)
  4 trolls
  4 wind drakes (Zig:16)
  9 merfolk
  6 tarantellas
  A hornet (Spider:2)
  6 slime creatures
  2 snapping turtles
  9 jumping spiders
  6 culicivoras
  A wyvern (D:7)
  3 water elementals
  A fire bat (Lair:1)
  2 hogs (Shoals:4)
  4 yaks
  18 redbacks
  A water moccasin (Lair:1)
  4 wargs (Zig:17)
  6 orc warriors
  3 ogres
  6 wolves
  2 bullfrogs
  An earth elemental (Elf:3)
  2 orc priests
  3 orc wizards
  2 orcs
  53 foxfires
411 creatures vanquished.

Vanquished Creatures (others)
  A searing wretch (Geh:1)
  An eldritch tentacle (Abyss:5)
  A draconian monk (Zig:11)
  A draconian knight (Zig:19)
  An orc warlord (Zig:17)
  2 draconian scorchers
  A demonspawn blood saint (Zig:15)
  A green draconian (Zig:19)
  A stone giant (Zig:17)
  A purple draconian (Zot:1)
  A deep elf demonologist (Zig:12)
  A white draconian (Zig:11)
  A green death (Hell)
  A merfolk impaler (Zig:16)
  A fire dragon (Depths:1)
  2 hell beasts (Geh:1)
  2 salamander tyrants (Geh:1)
  An alligator snapping turtle (Zig:16)
  A merfolk avatar (Abyss:5)
  27 dancing weapons
  3 hell hogs (Geh:1)
  2 orc high priests (Zig:17)
  A spriggan berserker (Depths:2)
  A hell knight (Depths:2)
  An iron troll (Hell)
  A salamander mystic (Zig:15)
  A deep elf zephyrmancer (Zig:13)
  A necromancer (Hell)
  An orc sorcerer (Abyss:5)
  A moth of wrath (Zig:17)
  A freezing wraith (Hell)
  A troll (Zig:17)
  A human (Shoals:4)
  A water elemental (Shoals:4)
  A warg (Zig:17)
  A harpy simulacrum (Coc:3)
  3 orc warriors (Zig:17)
  2 ogres (Zig:17)
  2 hell rats (Hell)
  3 creeping infernos
  3347 foxfires
  31 fungi
  3 lurking horrors
  220 plants
  18 starspawn tentacles (Abyss:5)
  12 tentacles (Shoals:3)
  A withered plant (D:9)
3710 creatures vanquished.

Grand Total: 6781 creatures vanquished

Notes
Turn   | Place    | Note
-------+----------+-------------------------------------------
     0 | D:1      | willcat the Gnoll Fire Elementalist began the quest for the
                  | Orb.
     0 | D:1      | Reached XP level 1. HP: 13/13 MP: 6/6
   100 | D:1      | Found Ohor's Weapon Shop.
   112 | D:1      | Reached XP level 2. HP: 19/19 MP: 0/7
   112 | D:1      | Found Kuaruax's Assorted Antiques.
   618 | D:1      | Learned a level 2 spell: Scorch
   631 | D:1      | Found Pakhocw's Distillery.
   677 | D:1      | Reached XP level 3. HP: 25/25 MP: 6/9
   679 | D:1      | Reached skill level 5 in Spellcasting
   965 | D:1      | Found Poskyt's Antique Weapon Boutique.
  1293 | D:2      | Reached skill level 1 in Invocations
  1413 | D:2      | Found a faded altar of an unknown god.
  1421 | D:2      | Got Plato's Disquisition on Ice
  1501 | D:2      | Reached skill level 1 in Fighting
  1501 | D:2      | Reached skill level 1 in Short Blades
  1501 | D:2      | Reached skill level 1 in Long Blades
  1501 | D:2      | Reached skill level 1 in Axes
  1501 | D:2      | Reached skill level 1 in Maces & Flails
  1501 | D:2      | Reached skill level 1 in Polearms
  1501 | D:2      | Reached skill level 1 in Staves
  1501 | D:2      | Reached skill level 1 in Slings
  1501 | D:2      | Reached skill level 1 in Bows
  1501 | D:2      | Reached skill level 1 in Crossbows
  1501 | D:2      | Reached skill level 1 in Throwing
  1501 | D:2      | Reached skill level 1 in Armour
  1501 | D:2      | Reached skill level 1 in Shields
  1501 | D:2      | Reached skill level 1 in Unarmed Combat
  1501 | D:2      | Reached skill level 1 in Evocations
  1655 | D:2      | Reached XP level 4. HP: 32/32 MP: 7/11
  2438 | D:2      | Noticed Sigmund
  2681 | D:2      | Killed Sigmund
  2682 | D:2      | Reached skill level 1 in Hexes
  2682 | D:2      | Reached skill level 1 in Summonings
  2682 | D:2      | Reached skill level 1 in Necromancy
  2682 | D:2      | Reached skill level 1 in Translocations
  2682 | D:2      | Reached skill level 1 in Transmutations
  2682 | D:2      | Reached skill level 1 in Ice Magic
  2682 | D:2      | Reached skill level 1 in Air Magic
  2682 | D:2      | Reached skill level 1 in Earth Magic
  2682 | D:2      | Reached skill level 1 in Poison Magic
  2682 | D:2      | Reached XP level 5. HP: 38/38 MP: 12/12
  2682 | D:2      | Reached XP level 6. HP: 44/44 MP: 13/13
  2759 | D:3      | Noticed a sky beast
  2764 | D:3      | Killed a sky beast
  2765 | D:3      | Reached skill level 2 in Long Blades
  2765 | D:3      | Reached skill level 5 in Dodging
  2913 | D:3      | Found a broken altar of Ashenzari.
  3321 | D:3      | Learned a level 3 spell: Conjure Flame
  3326 | D:3      | Learned a level 4 spell: Flame Wave
  3357 | D:3      | Learned a level 3 spell: Call Canine Familiar
  3619 | D:4      | Reached XP level 7. HP: 50/50 MP: 14/15
  3842 | D:4      | Found a shimmering blue altar of Sif Muna.
  4009 | D:4      | Noticed a yak
  4011 | D:4      | Noticed a yak
  4037 | D:4      | HP: 1/51 [yak (17)]
  4366 | D:3      | Killed a yak
  4367 | D:3      | Reached skill level 5 in Stealth
  4586 | D:4      | Found a burning altar of Makhleb.
  4837 | D:4      | Noticed a yak
  4837 | D:4      | Noticed a yak
  4837 | D:4      | Noticed a yak
  4869 | D:4      | Killed a yak
  4870 | D:4      | Reached XP level 8. HP: 29/57 MP: 14/16
  4882 | D:4      | Killed a yak
  4883 | D:4      | Reached skill level 3 in Long Blades
  5118 | D:4      | Noticed a yak
  5183 | D:4      | Killed a yak
  5192 | D:3      | Killed a yak
  5330 | D:3      | Killed a yak
  6123 | D:4      | Reached XP level 9. HP: 65/65 MP: 18/18
  6396 | D:5      | Entered Level 5 of the Dungeon
  6585 | D:5      | Found an opulent altar of Gozag.
  6684 | D:5      | Reached skill level 4 in Long Blades
  7204 | D:5      | Noticed a gargoyle
  7204 | D:5      | Noticed a hornet
  7511 | D:6      | Identified the amulet of Tyuha {Spirit rCorr}
  7528 | D:6      | Identified the +4 chain mail of the Dragonfruit {Str+4
                  | Int+2}
  8100 | D:6      | Found Jost's Specific Store.
  8102 | D:6      | Found Wiovakk's General Store.
  8110 | D:6      | Bought a scroll of teleportation for 30 gold pieces
  8114 | D:6      | Bought the +5 leather armour of Unikuep {Int+4} for 466
                  | gold pieces
  8589 | D:5      | Killed a hornet
  8602 | D:5      | Killed a gargoyle
  8603 | D:5      | Reached skill level 5 in Invocations
  9050 | D:7      | Found a sparkling altar of Nemelex Xobeh.
  9101 | D:7      | Found a snail-covered altar of Cheibriados.
  9184 | D:7      | Found a staircase to the Ecumenical Temple.
  9191 | D:7      | Found Viheigh's Magic Scroll Emporium.
  9204 | Temple   | Entered the Ecumenical Temple
  9525 | D:7      | Reached XP level 10. HP: 70/73 MP: 19/20
  9729 | D:7      | Identified the +1 ring mail of the Equinox {MP+9 Str+2}
  9982 | D:7      | Reached skill level 5 in Fighting
  9982 | D:7      | Reached skill level 5 in Short Blades
  9982 | D:7      | Reached skill level 5 in Long Blades
  9982 | D:7      | Reached skill level 5 in Axes
  9982 | D:7      | Reached skill level 5 in Maces & Flails
  9982 | D:7      | Reached skill level 5 in Polearms
  9982 | D:7      | Reached skill level 5 in Staves
  9982 | D:7      | Reached skill level 5 in Slings
  9982 | D:7      | Reached skill level 5 in Bows
  9982 | D:7      | Reached skill level 5 in Crossbows
  9982 | D:7      | Reached skill level 5 in Throwing
  9982 | D:7      | Reached skill level 5 in Armour
  9982 | D:7      | Reached skill level 5 in Shields
  9982 | D:7      | Reached skill level 5 in Unarmed Combat
  9982 | D:7      | Reached skill level 5 in Evocations
 10785 | D:8      | Identified the +8 dagger of Accord {speed, SInv}
 11180 | D:8      | Found a stormy altar of Qazlal.
 11183 | D:8      | Found a basalt altar of Yredelemnul.
 11429 | D:8      | Noticed a three-headed hydra
 11453 | D:8      | Killed a three-headed hydra
 11454 | D:8      | Reached skill level 5 in Conjurations
 11759 | D:9      | Noticed Maurice
 11953 | D:9      | Killed Maurice
 12471 | D:9      | Noticed a six-headed hydra
 12706 | D:9      | Reached XP level 11. HP: 81/81 MP: 15/22
 13125 | D:10     | Entered Level 10 of the Dungeon
 13125 | D:10     | Found a staircase to the Lair.
 13154 | D:9      | Reached skill level 6 in Long Blades
 13403 | D:9      | Reached skill level 5 in Hexes
 13403 | D:9      | Reached skill level 5 in Summonings
 13403 | D:9      | Reached skill level 5 in Necromancy
 13403 | D:9      | Reached skill level 5 in Translocations
 13403 | D:9      | Reached skill level 5 in Transmutations
 13403 | D:9      | Reached skill level 5 in Ice Magic
 13403 | D:9      | Reached skill level 5 in Air Magic
 13403 | D:9      | Reached skill level 5 in Earth Magic
 13403 | D:9      | Reached skill level 5 in Poison Magic
 13584 | D:10     | Found a staircase to the Orcish Mines.
 13720 | D:5      | Became a worshipper of Gozag Ym Sagoz the Greedy
 13924 | D:10     | Noticed Josephine
 14141 | D:9      | Killed Josephine
 14760 | D:10     | Noticed a two-headed ogre
 14770 | D:10     | Killed a two-headed ogre
 15378 | Orc:1    | Entered Level 1 of the Orcish Mines
 16799 | Orc:1    | Found a runed translucent door.
 16799 | Orc:1    | Noticed Uwkokhav's ghost (journeyman GnFi)
 17542 | D:11     | Found a frozen archway.
 17776 | D:11     | Noticed Grum
 17780 | D:11     | Killed Grum
 18001 | D:11     | Reached XP level 12. HP: 89/89 MP: 24/24
 18253 | D:11     | Noticed a boulder beetle
 18282 | D:11     | Killed a boulder beetle
 18301 | D:11     | Reached skill level 7 in Long Blades
 18738 | D:11     | Got the Compendium of Circular Logic
 18787 | D:12     | Noticed a boulder beetle
 18851 | Lair:1   | Entered Level 1 of the Lair of Beasts
 18887 | Lair:1   | Identified the +6 war axe of Atuezisu {flame, rC+ Will-
                  | rCorr}
 19902 | Lair:1   | Noticed a six-headed hydra
 20113 | Lair:1   | Killed a six-headed hydra
 20190 | Lair:1   | Identified the +0 robe "Uraseoh" {Contam rElec rC+++ Str-5}
 20810 | Lair:2   | Found a staircase to the Shoals.
 20922 | Lair:2   | Found a hole to the Spider Nest.
 20952 | Lair:2   | You fall into a shaft and drop 1 floor!
 21543 | Lair:3   | Noticed a five-headed hydra
 21550 | Lair:3   | Killed a five-headed hydra
 21709 | Lair:3   | Reached XP level 13. HP: 34/98 MP: 12/26
 22121 | Lair:3   | Noticed Snorg
 22129 | Lair:3   | Killed Snorg
 22451 | Lair:3   | Reached skill level 8 in Long Blades
 24969 | Lair:4   | Identified a scroll of acquirement
 24970 | Lair:4   | Acquired 713 gold pieces
 24979 | Lair:4   | Learned a level 5 spell: Freezing Cloud
 24985 | Lair:4   | Learned a level 4 spell: Petrify
 26034 | Lair:4   | Reached skill level 10 in Spellcasting
 26762 | Lair:5   | Reached skill level 10 in Dodging
 26762 | Lair:5   | Reached XP level 14. HP: 51/106 MP: 2/28
 26965 | D:7      | Bought a scroll of identify for 30 gold pieces
 26965 | D:7      | Bought a scroll of enchant armour for 112 gold pieces
 26965 | D:7      | Bought a scroll of identify for 30 gold pieces
 26965 | D:7      | Bought a scroll of enchant armour for 112 gold pieces
 26965 | D:7      | Bought a scroll of identify for 30 gold pieces
 26965 | D:7      | Bought a scroll of identify for 30 gold pieces
 26965 | D:7      | Bought a scroll of blinking for 112 gold pieces
 26965 | D:7      | Bought a scroll of identify for 30 gold pieces
 27622 | Lair:5   | Reached skill level 9 in Long Blades
 28006 | Lair:5   | Reached skill level 10 in Stealth
 28194 | Lair:6   | Entered Level 6 of the Lair of Beasts
 28443 | Lair:6   | Found a staircase to the Slime Pits.
 28779 | Lair:6   | Reached skill level 10 in Invocations
 31883 | Lair:6   | Identified the +8 rapier of Equusuf {vorpal, Str+3}
 32386 | Orc:1    | Killed Uwkokhav's ghost
 32496 | Orc:2    | Entered Level 2 of the Orcish Mines
 33230 | Orc:1    | Reached XP level 15. HP: 84/115 MP: 17/29
 34433 | Orc:2    | Found a staircase to the Elven Halls.
 35198 | Orc:1    | Reached skill level 10 in Fire Magic
 35414 | Orc:2    | Found Vaaxol's Antique Armour Boutique.
 35414 | Orc:2    | Found Vonwoi's Jewellery Emporium.
 35419 | Orc:2    | Bought a twisted chain mail for 218 gold pieces
 35419 | Orc:2    | Identified the +5 chain mail "Kuqy" {rF+ Will+ Str-5} (You
                  | bought it in a shop on level 2 of the Orcish Mines)
 35462 | Orc:2    | Found Mawk's Armour Boutique.
 35462 | Orc:2    | Found Wockumm's Book Emporium.
 35479 | Orc:2    | Bought a scroll of acquirement for 780 gold pieces
 35479 | Orc:2    | Bought a +0 cloak of willpower for 172 gold pieces
 35479 | Orc:2    | Bought a potion of mutation for 120 gold pieces
 35479 | Orc:2    | Bought a potion of haste for 150 gold pieces
 35490 | Orc:2    | Acquired 559 gold pieces
 35499 | Orc:2    | Bought the ring "Tonobum" {rPois MP+9 Str+3 Int+2} for 708
                  | gold pieces
 35631 | Orc:2    | Bought a pair of shimmering gloves for 294 gold pieces
 35631 | Orc:2    | Identified the +1 pair of gloves "Giokiyr" {Fly rC+} (You
                  | bought it in a shop on level 2 of the Orcish Mines)
 35631 | Orc:2    | Bought an encrusted cloak for 294 gold pieces
 35631 | Orc:2    | Identified the +2 cloak of Serendipity {Rampage rElec
                  | Int-3} (You bought it in a shop on level 2 of the Orcish
                  | Mines)
 35631 | Orc:2    | Bought a shiny helmet for 232 gold pieces
 35685 | Orc:1    | Found Velau's Magic Scroll Shop.
 36390 | D:11     | Reached skill level 10 in Fighting
 36390 | D:11     | Reached skill level 10 in Short Blades
 36390 | D:11     | Reached skill level 10 in Long Blades
 36390 | D:11     | Reached skill level 10 in Axes
 36390 | D:11     | Reached skill level 10 in Maces & Flails
 36390 | D:11     | Reached skill level 10 in Polearms
 36390 | D:11     | Reached skill level 10 in Staves
 36390 | D:11     | Reached skill level 10 in Slings
 36390 | D:11     | Reached skill level 10 in Bows
 36390 | D:11     | Reached skill level 10 in Crossbows
 36390 | D:11     | Reached skill level 10 in Throwing
 36390 | D:11     | Reached skill level 10 in Armour
 36390 | D:11     | Reached skill level 10 in Shields
 36390 | D:11     | Reached skill level 10 in Unarmed Combat
 36390 | D:11     | Reached skill level 10 in Evocations
 36686 | D:12     | Paralysed by a centaur for 2 turns
 37401 | D:12     | Found a runed translucent door.
 37402 | D:12     | Noticed gimp's ghost (journeyman HOFi)
 37607 | D:12     | Killed gimp's ghost
 37835 | D:12     | Identified the +2 cloak of Ykhaehesm {Harm rF- rCorr Dex+7}
 38467 | D:13     | Found a gate to the Vaults.
 39831 | D:14     | Reached XP level 16. HP: 111/113 MP: 31/31
 39896 | D:14     | Found Naitoz's Distillery.
 39900 | D:14     | Identified the +0 scale mail "Hiniate" {rPois}
 39905 | D:14     | Bought 2 potions of resistance for 240 gold pieces
 39905 | D:14     | Bought 2 potions of haste for 240 gold pieces
 39905 | D:14     | Bought 2 potions of curing for 72 gold pieces
 39905 | D:14     | Bought a potion of mutation for 96 gold pieces
 39905 | D:14     | Bought a potion of mutation for 96 gold pieces
 40716 | D:14     | Found a glowing golden altar of the Shining One.
 40846 | D:15     | Entered Level 15 of the Dungeon
 41040 | D:15     | Found a gate leading to a gauntlet.
 41049 | Gauntlet | Entered a Gauntlet
 41049 | Gauntlet | Found a transporter.
 41049 | Gauntlet | Found a transporter.
 41050 | Gauntlet | Found a transporter.
 41052 | Gauntlet | Found a transporter.
 41053 | Gauntlet | Found a transporter.
 41053 | Gauntlet | Found a transporter.
 41067 | Gauntlet | Found a transporter.
 41068 | Gauntlet | Found a transporter.
 41071 | Gauntlet | Found a transporter.
 41071 | Gauntlet | Found a transporter.
 41073 | Gauntlet | Found a large runed translucent door.
 41074 | Gauntlet | Found a large runed translucent door.
 41075 | Gauntlet | Found a large runed translucent door.
 41075 | Gauntlet | Found a large runed translucent door.
 41075 | Gauntlet | Found a runed translucent door.
 41075 | Gauntlet | Found a runed translucent door.
 41076 | Gauntlet | Found a large runed translucent door.
 41076 | Gauntlet | Found a large runed translucent door.
 41076 | Gauntlet | Found a large runed translucent door.
 41076 | Gauntlet | Found a large runed translucent door.
 41077 | Gauntlet | Found a large runed translucent door.
 41078 | Gauntlet | Found a large runed translucent door.
 41079 | Gauntlet | Found a large runed translucent door.
 41079 | Gauntlet | Found a large runed translucent door.
 41113 | Gauntlet | Found a large runed translucent door.
 41113 | Gauntlet | Found a large runed translucent door.
 41115 | Gauntlet | Found a runed translucent gate.
 41116 | Gauntlet | Found a runed translucent gate.
 41117 | Gauntlet | Found a transporter.
 41117 | Gauntlet | Found a runed translucent gate.
 41122 | Gauntlet | Found a transporter.
 41138 | Gauntlet | Found a large runed translucent door.
 41139 | Gauntlet | Found a large runed translucent door.
 41291 | Gauntlet | Identified the +0 pair of gloves "Anodihol" {Int+3 Dex-3
                  | Stlth+}
 41324 | Gauntlet | Identified the ring "Mayc" {Fire Slay+4}
 41600 | Gauntlet | Got the Volume of Glory
 43232 | D:15     | Found a staircase to the Depths.
 43432 | Elf:1    | Entered Level 1 of the Elven Halls
 43851 | Elf:1    | Learned a level 4 spell: Airstrike
 43880 | Elf:1    | Reached skill level 11 in Long Blades
 45101 | Elf:1    | Found the +2 hat of the Bear Spirit {Spirit, *Rage Will++}
 45103 | Elf:1    | Found a runed translucent gate.
 45103 | Elf:1    | Found a runed translucent gate.
 45103 | Elf:1    | Found a runed translucent gate.
 45103 | Elf:1    | Found a runed translucent gate.
 45103 | Elf:1    | Found a runed translucent gate.
 45105 | Elf:1    | Found a runed translucent gate.
 45105 | Elf:1    | Noticed a storm dragon
 45105 | Elf:1    | Noticed a shadow dragon
 45138 | Elf:1    | Identified the +12 longbow of the Pyrrhic Victory {flame,
                  | rElec rPois}
 45200 | Elf:1    | Upgraded the game from 0.28-a0-1447-ga5a8893891 to
                  | 0.28-a0-1493-g08698888e4
 45309 | Elf:1    | Learned a level 5 spell: Yara's Violent Unravelling
 46845 | Elf:2    | Reached XP level 17. HP: 77/131 MP: 9/33
 47262 | Elf:2    | Got the Disquisition on Unholy Magic
 47273 | Elf:2    | Learned a level 4 spell: Dispel Undead
 47351 | Elf:2    | Reached skill level 10 in Conjurations
 48863 | Elf:2    | Found a runed translucent gate.
 48863 | Elf:2    | Found a runed translucent gate.
 48863 | Elf:2    | Found a runed translucent gate.
 49464 | Elf:3    | Entered Level 3 of the Elven Halls
 49676 | Elf:3    | Learned a level 6 spell: Death Channel
 49958 | Elf:3    | Noticed a deep elf master archer
 49978 | Elf:3    | Killed a deep elf master archer
 49979 | Elf:3    | Reached skill level 10 in Hexes
 49979 | Elf:3    | Reached skill level 10 in Summonings
 49979 | Elf:3    | Reached skill level 10 in Necromancy
 49979 | Elf:3    | Reached skill level 10 in Translocations
 49979 | Elf:3    | Reached skill level 10 in Transmutations
 49979 | Elf:3    | Reached skill level 10 in Ice Magic
 49979 | Elf:3    | Reached skill level 10 in Air Magic
 49979 | Elf:3    | Reached skill level 10 in Earth Magic
 49979 | Elf:3    | Reached skill level 10 in Poison Magic
 50573 | Elf:3    | Noticed a deep elf blademaster
 50583 | Elf:2    | Killed a deep elf blademaster
 51656 | Elf:3    | Paralysed by an air elemental for 1 turns
 51720 | Elf:3    | Reached skill level 12 in Long Blades
 52399 | Elf:3    | Reached XP level 18. HP: 140/140 MP: 35/35
 53033 | Elf:3    | Cast into level 2 of the Abyss (a deep elf sorcerer)
 53113 | Abyss:3  | Found a corrupted altar of Lugonu.
 53581 | Elf:3    | Escaped the Abyss
 53860 | Elf:3    | Noticed a deep elf blademaster
 53882 | Elf:3    | Killed a deep elf blademaster
 54043 | Elf:3    | Noticed an Ice Fiend
 55141 | Elf:3    | Identified the +7 quarterstaff "Impbane" {freeze, MP+9
                  | Dex+5}
 55406 | Elf:3    | Identified the +6 spear "Busan" {speed, Will+}
 55536 | Elf:3    | Identified the +2 morningstar "Tecled" {vorpal, rPois
                  | Str+3}
 55536 | Elf:3    | Identified the ring of Dokaboh {*Slow rElec rF+ rCorr
                  | Dex+5}
 55540 | Elf:3    | Identified the +3 kite shield of Hovvimomont {rC+ Int+2}
 55720 | Elf:3    | Identified the +7 trident "Gifakhles" {vorpal, rC+ Will+
                  | Str-2 Dex+5}
 55790 | Elf:3    | Identified the +0 ring mail of Weightlessness {+Blink
                  | rElec}
 55959 | Elf:3    | Identified the +7 spear of Defenestration {vamp, Dex+8}
 56156 | Elf:3    | Got the Tome of the Birds
 56173 | Elf:3    | Got the Disquisition on the Vitriolic Volcanoes
 56460 | Shoals:1 | Entered Level 1 of the Shoals
 56485 | Shoals:1 | Identified the +2 kite shield of Entitlement {Will+ Int-2
                  | Dex+4}
 56749 | Shoals:1 | Identified the +1 leather armour of the Garden {SInv}
 56844 | Shoals:1 | Bought a fine leather armour for 210 gold pieces
 56844 | Shoals:1 | Identified the +1 leather armour of Time Monsters {Will+}
                  | (You bought it in a shop on level 1 of the Shoals)
 56844 | Shoals:1 | Bought a turquoise-encrusted scale mail for 270 gold pieces
 56844 | Shoals:1 | Identified the +1 scale mail of Valour {Harm rC+ Str-2
                  | Int+3} (You bought it in a shop on level 1 of the Shoals)
 57563 | Shoals:1 | Noticed Jorgrun
 57570 | Shoals:1 | Killed Jorgrun
 58468 | Shoals:2 | Reached XP level 19. HP: 133/148 MP: 34/36
 58771 | Shoals:2 | Noticed Frances
 58787 | Shoals:2 | Killed Frances
 58846 | Shoals:2 | Found a runed translucent door.
 58847 | Shoals:2 | Noticed Wextibu's ghost (adept DrTm)
 58868 | Shoals:2 | Killed Wextibu's ghost
 58875 | Shoals:2 | Identified the +4 scimitar "Eguul" {pain, Will+ SInv
                  | Stlth-}
 59045 | Shoals:2 | Acquired 1177 gold pieces
 59433 | Shoals:2 | Reached skill level 13 in Long Blades
 60461 | Shoals:3 | Noticed Roxanne
 60502 | Shoals:2 | Bought a pair of embroidered boots for 195 gold pieces
 60502 | Shoals:2 | Bought a pair of runed boots for 195 gold pieces
 60614 | Shoals:3 | Found a runed translucent door.
 60877 | Shoals:3 | Identified the +2 pair of boots of the Sun {Will++ Regen+}
 61820 | Shoals:4 | Entered Level 4 of the Shoals
 61992 | Shoals:4 | Got a barnacled rune of Zot
 62247 | Shoals:4 | Noticed Kirke
 62257 | Shoals:4 | Killed Kirke
 62415 | Shoals:4 | Identified the +2 scale mail "Rixeon" {-Cast rElec rF+
                  | Dex+7}
 62497 | Shoals:4 | Identified the ring "Pearoe" {rF+ EV+4 SInv}
 62843 | Shoals:4 | Reached XP level 20. HP: 103/157 MP: 32/38
 63149 | Shoals:4 | Identified the +9 hunting sling "Vobbyschy" {vorpal, *Slow
                  | rF+ Will+ Int+7}
 63482 | Spider:1 | Entered Level 1 of the Spider Nest
 63530 | Spider:1 | Noticed Rupert
 63541 | Spider:1 | Killed Rupert
 66208 | Spider:3 | Reached skill level 15 in Invocations
 66627 | Spider:3 | Identified the +3 leather armour of the Nice Wumpus {Contam
                  | rC- Str+5 Stlth+}
 67072 | Spider:4 | Entered Level 4 of the Spider Nest
 67474 | Spider:4 | Reached skill level 14 in Long Blades
 68346 | Spider:4 | Got a gossamer rune of Zot
 68780 | Spider:4 | Reached XP level 21. HP: 164/165 MP: 33/39
 69086 | Spider:4 | Bought 2 potions of heal wounds for 330 gold pieces
 69086 | Spider:4 | Bought a polished ring mail for 297 gold pieces
 69086 | Spider:4 | Identified the +4 ring mail of Xebiwav {*Corrode rElec
                  | Will+ MP+9} (You bought it in a shop on level 4 of the
                  | Spider Nest)
 69299 | Vaults:1 | Entered Level 1 of the Vaults
 69474 | Vaults:1 | Reached skill level 15 in Spellcasting
 70260 | Vaults:1 | Reached skill level 15 in Dodging
 70382 | Vaults:1 | Found the +8 glaive of the Guard {elec, spectral, AC+5}
 71190 | Vaults:1 | Reached skill level 15 in Stealth
 71836 | Vaults:1 | Bought a dull robe for 216 gold pieces
 71836 | Vaults:1 | Identified the +2 robe "Befesken" {Rampage Dex+2} (You
                  | bought it in a shop on level 1 of the Vaults)
 71836 | Vaults:1 | Bought a twisted ring mail for 342 gold pieces
 71836 | Vaults:1 | Identified the +1 ring mail "Hihado" {Drain rElec rN+++
                  | Dex-2} (You bought it in a shop on level 1 of the Vaults)
 72127 | Vaults:2 | Noticed Mennas
 72798 | Vaults:1 | Killed Mennas
 73754 | Vaults:2 | Identified the +6 rapier of Quick Death {vorpal, Will+}
 73770 | Vaults:2 | Noticed Bai Suzhen
 73952 | Vaults:2 | Killed Bai Suzhen
 74501 | Vaults:2 | Reached XP level 22. HP: 110/174 MP: 29/41
 76356 | Vaults:3 | Found a staircase to the Crypt.
 76356 | Vaults:3 | Found an ancient bone altar of Kikubaaqudgha.
 76356 | Vaults:3 | Found a basalt altar of Yredelemnul.
 76500 | Vaults:3 | Reached skill level 15 in Fighting
 76500 | Vaults:3 | Reached skill level 15 in Short Blades
 76500 | Vaults:3 | Reached skill level 15 in Long Blades
 76500 | Vaults:3 | Reached skill level 15 in Axes
 76500 | Vaults:3 | Reached skill level 15 in Maces & Flails
 76500 | Vaults:3 | Reached skill level 15 in Polearms
 76500 | Vaults:3 | Reached skill level 15 in Staves
 76500 | Vaults:3 | Reached skill level 15 in Slings
 76500 | Vaults:3 | Reached skill level 15 in Bows
 76500 | Vaults:3 | Reached skill level 15 in Crossbows
 76500 | Vaults:3 | Reached skill level 15 in Throwing
 76500 | Vaults:3 | Reached skill level 15 in Armour
 76500 | Vaults:3 | Reached skill level 15 in Shields
 76500 | Vaults:3 | Reached skill level 15 in Unarmed Combat
 76500 | Vaults:3 | Reached skill level 15 in Evocations
 77845 | Vaults:4 | Identified the +6 arbalest of Greatest Utility {freeze, rC+
                  | Int+3 Stlth-}
 78257 | Vaults:4 | Found a radiant altar of Vehumet.
 78270 | Vaults:4 | Identified the +0 hat of Zinwouh {rElec Regen+}
 78271 | Vaults:4 | Identified the +2 hat "Cerruoryad" {Dex+2}
 78519 | Vaults:4 | Found a runed translucent door.
 78519 | Vaults:4 | Found a shimmering altar of Xom.
 78519 | Vaults:4 | Noticed abarbat's ghost (adept MiBe)
 78692 | Vaults:4 | Found Cuodgh's Assorted Antiques.
 78700 | Vaults:4 | Bought a pair of dazzling gloves for 380 gold pieces
 78700 | Vaults:4 | Identified the -3 pair of gloves of Qazlal's Hatred {rElec}
                  | (You bought it in a shop on level 4 of the Vaults)
 78959 | Vaults:4 | Killed abarbat's ghost
 79073 | Vaults:5 | Entered Level 5 of the Vaults
 79075 | Vaults:5 | Noticed a dread lich
 79082 | Vaults:5 | Noticed a dread lich
 79497 | Vaults:5 | Noticed a golden dragon
 79982 | Vaults:5 | Noticed a dread lich
 80040 | Vaults:5 | Reached XP level 23. HP: 64/157 MP: 4/43
 80061 | Vaults:5 | Noticed a golden dragon
 80591 | Vaults:5 | Killed a golden dragon
 80760 | Vaults:5 | Identified the +5 lajatang "Feass" {vorpal, Int+2}
 80766 | Vaults:5 | HP: 5/167 [vault warden/bolt (12)]
 80768 | Vaults:5 | Identified the +3 hand crossbow of Fortitude {venom, rF+}
 81439 | Vaults:5 | Paralysed by a dread lich for 6 turns
 81454 | Vaults:5 | Killed a dread lich
 81726 | Vaults:5 | Killed a golden dragon
 83021 | Vaults:5 | Killed a dread lich
 83214 | Vaults:5 | Killed a dread lich
 83718 | Vaults:5 | Got a silver rune of Zot
 84155 | Vaults:4 | Bought a polished whip for 300 gold pieces
 84155 | Vaults:4 | Identified the +7 whip of the Vanishing Knaves {protect,
                  | Str+5} (You bought it in a shop on level 4 of the Vaults)
 84155 | Vaults:4 | Bought a potion of cancellation for 320 gold pieces
 84368 | Depths:1 | Entered Level 1 of the Depths
 84381 | Depths:1 | Found a one-way gate to the infinite horrors of the Abyss.
 84399 | Depths:1 | Found a magical portal.
 84407 | WizLab   | Entered Tukima's Studio
 84543 | WizLab   | Noticed willcat's illusion
 85015 | Depths:1 | Identified the +7 great mace "Cass" {spect, Will+}
 85140 | Depths:1 | Reached skill level 16 in Long Blades
 85371 | Depths:1 | Found a gateway to Hell.
 85762 | Depths:1 | Reached XP level 24. HP: 165/191 MP: 21/43
 85913 | Depths:1 | Noticed Nikola
 85940 | Depths:1 | Killed Nikola
 86321 | Depths:1 | Found Nios's Changing Room.
 86332 | Depths:1 | Bought 2 potions of mutation for 256 gold pieces
 86332 | Depths:1 | Bought 2 potions of mutation for 256 gold pieces
 87184 | Depths:2 | Found a basalt altar of Yredelemnul.
 87530 | Depths:2 | Found a one-way gateway to a ziggurat.
 88173 | Depths:2 | Bought a crystal falchion for 312 gold pieces
 88173 | Depths:2 | Identified the +1 falchion of Okawaru's Delight {vamp, rN+}
                  | (You bought it in a shop on level 2 of the Depths)
 88173 | Depths:2 | Bought a scroll of enchant armour for 292 gold pieces
 88173 | Depths:2 | Bought a warped cloak for 370 gold pieces
 88173 | Depths:2 | Identified the +1 cloak of a Gauntlet {Stlth+} (You bought
                  | it in a shop on level 2 of the Depths)
 88411 | Depths:2 | Found a one-way gate leading to the halls of Pandemonium.
 89798 | Depths:2 | Learned a level 2 spell: Blink
 89805 | Depths:2 | Learned a level 6 spell: Eringya's Noxious Bog
 90363 | Depths:2 | Learned a level 5 spell: Borgnjor's Vile Clutch
 90589 | Depths:2 | Learned a level 5 spell: Summon Mana Viper
 91093 | Depths:2 | Reached skill level 17 in Long Blades
 91093 | Depths:2 | Reached skill level 15 in Fire Magic
 92413 | Depths:3 | Reached XP level 25. HP: 195/199 MP: 35/44
 93108 | Depths:3 | Found Byiluten's Antique Weapon Shop.
 93540 | Depths:4 | Entered Level 4 of the Depths
 94633 | Depths:4 | Found a gate to the Realm of Zot.
 95434 | Depths:4 | Reached skill level 18 in Long Blades
 95672 | Depths:4 | Found Famip's Book Boutique.
 95673 | Depths:4 | Found Boipiwell's Jewellery Emporium.
 95673 | Depths:4 | Found Baon Delo's Jewellery Emporium.
 95683 | Depths:4 | Bought the ring "Nedes" {rElec rPois rF+ rN+} for 587 gold
                  | pieces
 96226 | Crypt:1  | Entered Level 1 of the Crypt
 96258 | Crypt:1  | Gained mutation: You expend magic power (3 MP) to
                  | strengthen your wands. [potion of mutation]
 96258 | Crypt:1  | Gained mutation: You have hidden genetic potential. [potion
                  | of mutation]
 96422 | Crypt:1  | Noticed Saint Roka
 96442 | Crypt:1  | Killed Saint Roka
 96986 | Crypt:1  | Identified the +1 robe "Seiche" {Str+3}
 97430 | Crypt:1  | You are sucked into a shaft and drop 1 floor!
 99780 | Crypt:3  | Entered Level 3 of the Crypt
 99850 | Crypt:3  | Reached XP level 26. HP: 177/208 MP: 27/45
 99994 | Crypt:3  | Reached skill level 15 in Conjurations
100568 | Crypt:3  | Identified the +10 great sword of Otug {vorpal, Dex+4}
100817 | Crypt:3  | Got the Compendium of the Unstable Rocks
101227 | Crypt:3  | Noticed a dread lich
101234 | Crypt:3  | Killed a dread lich
101235 | Crypt:3  | Reached skill level 19 in Long Blades
101545 | Crypt:3  | Reached skill level 15 in Hexes
101545 | Crypt:3  | Reached skill level 15 in Summonings
101545 | Crypt:3  | Reached skill level 15 in Necromancy
101545 | Crypt:3  | Reached skill level 15 in Translocations
101545 | Crypt:3  | Reached skill level 15 in Transmutations
101545 | Crypt:3  | Reached skill level 15 in Ice Magic
101545 | Crypt:3  | Reached skill level 15 in Air Magic
101545 | Crypt:3  | Reached skill level 15 in Earth Magic
101545 | Crypt:3  | Reached skill level 15 in Poison Magic
101776 | Crypt:3  | Identified the +9 broad axe "Loiggeav" {vorpal, Str+3}
101795 | Crypt:3  | Found a staircase to the Tomb.
101887 | Crypt:3  | Found a basalt altar of Yredelemnul.
102436 | Zot:1    | Entered Level 1 of the Realm of Zot
103390 | Zot:1    | Gained mutation: You are strong-willed. (Will+) [hidden
                  | potential]
104597 | Zot:2    | Learned a level 6 spell: Statue Form
104604 | Zot:2    | Learned a level 6 spell: Summon Cactus Giant
106070 | Zot:2    | Learned a level 7 spell: Summon Hydra
106882 | Zot:3    | Reached XP level 27. HP: 217/217 MP: 45/45
107595 | Zot:3    | Reached skill level 20 in Long Blades
108723 | Zot:4    | Found a transporter.
108745 | Zot:4    | Noticed an orb of fire
109099 | Zot:4    | Gained mutation: You possess an exceptional clarity of
                  | mind. [an orb of fire]
109119 | Zot:4    | Gained mutation: You are weak. (Str -2) [an orb of fire]
109141 | Zot:4    | Gained mutation: You sometimes lose the ability to read
                  | scrolls when taking damage. [an orb of fire]
109142 | Zot:4    | Killed an orb of fire
109487 | Zot:4    | Lost mutation: You possess an exceptional clarity of mind.
                  | [potion of mutation]
109487 | Zot:4    | Lost mutation: You have hidden genetic potential. [potion
                  | of mutation]
109487 | Zot:4    | Gained mutation: You are partially covered in iridescent
                  | scales. (AC +2) [potion of mutation]
109488 | Zot:4    | Lost mutation: You are partially covered in iridescent
                  | scales. (AC +2) [potion of mutation]
109488 | Zot:4    | Lost mutation: You sometimes lose the ability to read
                  | scrolls when taking damage. [potion of mutation]
109488 | Zot:4    | Lost mutation: You expend magic power (3 MP) to strengthen
                  | your wands. [potion of mutation]
109488 | Zot:4    | Gained mutation: Your spells are a little easier to cast,
                  | but a little less powerful. [potion of mutation]
109488 | Zot:4    | Gained mutation: Your natural rate of healing is unusually
                  | fast. [potion of mutation]
109489 | Zot:4    | Lost mutation: Your spells are a little easier to cast, but
                  | a little less powerful. [potion of mutation]
109489 | Zot:4    | Lost mutation: Your natural rate of healing is unusually
                  | fast. [potion of mutation]
109489 | Zot:4    | Gained mutation: You occasionally shout uncontrollably at
                  | your foes. [potion of mutation]
109489 | Zot:4    | Gained mutation: You expend magic power (3 MP) to
                  | strengthen your wands. [potion of mutation]
109489 | Zot:4    | Gained mutation: Your mind is acute. (Int +2) [potion of
                  | mutation]
109490 | Zot:4    | Lost mutation: You occasionally shout uncontrollably at
                  | your foes. [potion of mutation]
109490 | Zot:4    | Lost mutation: You are strong-willed. (Will+) [potion of
                  | mutation]
109490 | Zot:4    | Gained mutation: Your flesh is heat resistant. (rF+)
                  | [potion of mutation]
109490 | Zot:4    | Gained mutation: Your flesh is very heat resistant. (rF++)
                  | [potion of mutation]
109776 | Zot:4    | Acquired 718 gold pieces
109818 | Zot:4    | Noticed an orb of fire
110417 | Slime:1  | Entered Level 1 of the Pits of Slime
111977 | Slime:3  | Gained mutation: Your body sometimes deteriorates upon
                  | taking damage. [a shining eye]
111979 | Slime:3  | Gained mutation: You sometimes lose the ability to read
                  | scrolls when taking damage. [a shining eye]
112645 | Slime:5  | Entered Level 5 of the Pits of Slime
112669 | Slime:5  | Found the +11 plutonium sword {Contam Stlth-}
112683 | Slime:5  | Lost mutation: Your mind is acute. (Int +2) [a shining eye]
112702 | Slime:5  | Gained mutation: Your spells are a little easier to cast,
                  | but a little less powerful. [a shining eye]
112943 | Slime:5  | Noticed the Royal Jelly
112947 | Slime:5  | Found a viscous altar of Jiyva.
112954 | Slime:5  | Killed the Royal Jelly
114006 | Slime:5  | Identified the ring "Ottyre" {Ice rPois}
114233 | Slime:5  | Identified the +12 great mace of Doom {flame, rN++ rCorr}
114235 | Slime:5  | Got a slimy rune of Zot
114432 | D:10     | Lost mutation: Your flesh is very heat resistant. (rF++)
                  | [potion of mutation]
114432 | D:10     | Lost mutation: You are weak. (Str -2) [potion of mutation]
114432 | D:10     | Gained mutation: Your body often deteriorates upon taking
                  | damage. [potion of mutation]
114433 | D:10     | Lost mutation: Your flesh is heat resistant. (rF+) [potion
                  | of mutation]
114433 | D:10     | Lost mutation: Your spells are a little easier to cast, but
                  | a little less powerful. [potion of mutation]
114433 | D:10     | Gained mutation: You are agile. (Dex +2) [potion of
                  | mutation]
114433 | D:10     | Gained mutation: Potions are less effective at restoring
                  | your health. [potion of mutation]
114434 | D:10     | Lost mutation: You expend magic power (3 MP) to strengthen
                  | your wands. [potion of mutation]
114434 | D:10     | Lost mutation: Potions are less effective at restoring your
                  | health. [potion of mutation]
114434 | D:10     | Lost mutation: You sometimes lose the ability to read
                  | scrolls when taking damage. [potion of mutation]
114434 | D:10     | Gained mutation: You are somewhat resistant to further
                  | mutation. [potion of mutation]
114453 | D:10     | Lost mutation: You are somewhat resistant to further
                  | mutation. [potion of mutation]
114453 | D:10     | Lost mutation: Your body often deteriorates upon taking
                  | damage. [potion of mutation]
114453 | D:10     | Lost mutation: You are agile. (Dex +2) [potion of mutation]
114453 | D:10     | Gained mutation: You are partially covered in iridescent
                  | scales. (AC +2) [potion of mutation]
114453 | D:10     | Gained mutation: You are agile. (Dex +2) [potion of
                  | mutation]
114453 | D:10     | Gained mutation: Your magical capacity is low. (-10% MP)
                  | [potion of mutation]
114453 | D:10     | Gained mutation: Your spells are a little harder to cast,
                  | but a little more powerful. [potion of mutation]
114454 | D:10     | Lost mutation: You are partially covered in iridescent
                  | scales. (AC +2) [potion of mutation]
114454 | D:10     | Lost mutation: Your spells are a little harder to cast, but
                  | a little more powerful. [potion of mutation]
114454 | D:10     | Gained mutation: Your mind is acute. (Int +2) [potion of
                  | mutation]
114471 | D:10     | Lost mutation: You are agile. (Dex +2) [potion of mutation]
114471 | D:10     | Lost mutation: Your magical capacity is low. (-10% MP)
                  | [potion of mutation]
114471 | D:10     | Lost mutation: Your body sometimes deteriorates upon taking
                  | damage. [potion of mutation]
114471 | D:10     | Gained mutation: You are robust. (+10% HP) [potion of
                  | mutation]
114471 | D:10     | Gained mutation: You are very robust. (+20% HP) [potion of
                  | mutation]
114471 | D:10     | Gained mutation: Your body sometimes deteriorates upon
                  | taking damage. [potion of mutation]
114649 | Zig:1    | Entered Level 1 of a ziggurat
114686 | Zig:2    | Entered Level 2 of a ziggurat
114786 | Zig:3    | Entered Level 3 of a ziggurat
114881 | Zig:4    | Entered Level 4 of a ziggurat
114884 | Zig:4    | Noticed a royal mummy
114903 | Zig:4    | Killed a royal mummy
114944 | Zig:4    | Identified the +3 leather armour of the Stars {rPois Regen+
                  | Dex+3 Slay-3}
114947 | Zig:4    | Identified the +6 short sword of Rotation {drain, rF+}
114948 | Zig:4    | Identified the +2 robe "Diopuudu" {rF++ Dex+7}
115128 | Zig:5    | Entered Level 5 of a ziggurat
115321 | Zig:5    | Got the Volume of Scorching Stones
115473 | Zig:6    | Entered Level 6 of a ziggurat
115478 | Zig:6    | Found the +1 robe of Vines {NoPotionHeal Regen++++}
115478 | Zig:6    | Noticed Zirileogg the pandemonium lord
115503 | Zig:6    | Noticed Owo Biul the pandemonium lord
115508 | Zig:6    | Reached skill level 21 in Long Blades
115513 | Zig:6    | Killed Zirileogg the pandemonium lord
115515 | Zig:6    | Killed Owo Biul the pandemonium lord
115639 | Zig:6    | Got Fiumawk's Handbook of Scorching Stones
115670 | Zig:7    | Entered Level 7 of a ziggurat
115696 | Zig:7    | Learned a level 7 spell: Storm Form
115725 | Zig:7    | Noticed Raorein the pandemonium lord
115735 | Zig:7    | Cast into level 5 of the Abyss (Raorein)
115735 | Abyss:5  | Entered Level 5 of the Abyss
115962 | Abyss:5  | Gained mutation: You sometimes lose the ability to read
                  | scrolls when taking damage. [a neqoxec]
116006 | Abyss:5  | Gained mutation: You are clumsy. (Dex -2) [a neqoxec]
116052 | Abyss:5  | Found a transporter.
116052 | Abyss:5  | Found a corrupted altar of Lugonu.
116111 | Abyss:5  | Found a transporter.
116112 | Abyss:5  | Found a corrupted altar of Lugonu.
116127 | Abyss:5  | Found a transporter.
116241 | Abyss:5  | Paralysed by an air elemental for 1 turns
116315 | Abyss:5  | Gained mutation: You are occasionally teleported next to
                  | monsters. [a neqoxec]
116321 | Abyss:5  | Lost mutation: Your body sometimes deteriorates upon taking
                  | damage. [potion of mutation]
116321 | Abyss:5  | Lost mutation: You sometimes lose the ability to read
                  | scrolls when taking damage. [potion of mutation]
116321 | Abyss:5  | Gained mutation: You have hidden genetic defects. [potion
                  | of mutation]
116321 | Abyss:5  | Gained mutation: Your spells are a little harder to cast,
                  | but a little more powerful. [potion of mutation]
116322 | Abyss:5  | Lost mutation: Your spells are a little harder to cast, but
                  | a little more powerful. [potion of mutation]
116322 | Abyss:5  | Lost mutation: You are clumsy. (Dex -2) [potion of
                  | mutation]
116322 | Abyss:5  | Gained mutation: You expend magic power (3 MP) to
                  | strengthen your wands. [potion of mutation]
116322 | Abyss:5  | Lost mutation: You expend magic power (3 MP) to strengthen
                  | your wands. [potion of mutation]
116322 | Abyss:5  | Gained mutation: You have large cloven feet. [potion of
                  | mutation]
116748 | Zig:7    | Escaped the Abyss
116777 | Zig:7    | Cast into level 5 of the Abyss (Raorein)
116777 | Abyss:5  | Entered Level 5 of the Abyss
116837 | Abyss:5  | Gained mutation: Your magical capacity is low. (-10% MP) [a
                  | neqoxec]
116846 | Abyss:5  | Found a corrupted altar of Lugonu.
117152 | Zig:7    | Escaped the Abyss
117167 | Zig:7    | Cast into level 5 of the Abyss (Raorein)
117167 | Abyss:5  | Entered Level 5 of the Abyss
117267 | Zig:7    | Escaped the Abyss
117278 | Zig:8    | Entered Level 8 of a ziggurat
117549 | Zig:8    | Acquired 788 gold pieces
117553 | Zig:8    | Identified the +7 triple sword "Faam" {elec, Dex+3 Stlth+}
117570 | Zig:8    | Identified the +7 rapier of Hubris {vorpal, rElec rC+ Int-4
                  | Dex+2}
117577 | Zig:9    | Entered Level 9 of a ziggurat
117584 | Zig:9    | Noticed a royal mummy
117584 | Zig:9    | Noticed a royal mummy
117584 | Zig:9    | Noticed a royal mummy
117585 | Zig:9    | Noticed a royal mummy
117585 | Zig:9    | Noticed a royal mummy
117590 | Zig:9    | Killed a royal mummy
117597 | Zig:9    | Killed a royal mummy
117600 | Zig:9    | Killed a royal mummy
117600 | Zig:9    | Killed a royal mummy
117602 | Zig:9    | Killed a royal mummy
117828 | Zig:9    | Identified the +5 quarterstaff of Conformity {drain, rPois
                  | rC+ rN+}
117840 | Zig:9    | Learned a level 8 spell: Discord
117851 | Zig:9    | Learned a level 8 spell: Ignition
117853 | Zig:10   | Entered Level 10 of a ziggurat
117882 | Zig:10   | Identified the ring of the Ancient Lies {MP+9 Str+3}
117892 | Zig:10   | Identified the +6 quarterstaff of Niaca {venom, +Blink
                  | rPois Dex-5}
117892 | Zig:10   | Gained mutation: You sometimes lose the ability to read
                  | scrolls when taking damage. [hidden defects]
117893 | Zig:10   | Lost mutation: Your mind is acute. (Int +2) [potion of
                  | mutation]
117893 | Zig:10   | Lost mutation: You have large cloven feet. [potion of
                  | mutation]
117893 | Zig:10   | Lost mutation: You sometimes lose the ability to read
                  | scrolls when taking damage. [potion of mutation]
117893 | Zig:10   | Gained mutation: You are dopey. (Int -2) [potion of
                  | mutation]
117894 | Zig:10   | Lost mutation: You are very robust. (+20% HP) [potion of
                  | mutation]
117894 | Zig:10   | Lost mutation: You are dopey. (Int -2) [potion of mutation]
117894 | Zig:10   | Gained mutation: You possess an exceptional clarity of
                  | mind. [potion of mutation]
117894 | Zig:10   | Lost mutation: You are robust. (+10% HP) [potion of
                  | mutation]
117894 | Zig:10   | Gained mutation: You are strong-willed. (Will+) [potion of
                  | mutation]
117895 | Zig:10   | Lost mutation: You possess an exceptional clarity of mind.
                  | [potion of mutation]
117895 | Zig:10   | Lost mutation: You have hidden genetic defects. [potion of
                  | mutation]
117895 | Zig:10   | Lost mutation: Your magical capacity is low. (-10% MP)
                  | [potion of mutation]
117895 | Zig:10   | Gained mutation: You are frail. (-10% HP) [potion of
                  | mutation]
117895 | Zig:10   | Gained mutation: You are partially covered in iridescent
                  | scales. (AC +2) [potion of mutation]
117895 | Zig:10   | Gained mutation: You are mostly covered in iridescent
                  | scales. (AC +4) [potion of mutation]
117896 | Zig:10   | Lost mutation: You are strong-willed. (Will+) [potion of
                  | mutation]
117896 | Zig:10   | Lost mutation: You are mostly covered in iridescent scales.
                  | (AC +4) [potion of mutation]
117896 | Zig:10   | Lost mutation: You are partially covered in iridescent
                  | scales. (AC +2) [potion of mutation]
117896 | Zig:10   | Lost mutation: You are frail. (-10% HP) [potion of
                  | mutation]
117897 | Zig:10   | Identified the +6 spear of Ysyhow {vorpal, Str+2 Dex+2}
117900 | Zig:10   | Identified the +2 helmet "Imogg" {Rampage rElec rPois}
117995 | Zig:11   | Entered Level 11 of a ziggurat
118255 | Zig:12   | Entered Level 12 of a ziggurat
118265 | Zig:12   | Noticed an ancient lich
118265 | Zig:12   | Noticed an ancient lich
118265 | Zig:12   | Noticed a dread lich
118268 | Zig:12   | Noticed an ancient lich
118269 | Zig:12   | Killed an ancient lich
118269 | Zig:12   | Killed an ancient lich
118269 | Zig:12   | Killed a dread lich
118273 | Zig:12   | Killed an ancient lich
118464 | Zig:12   | Got the Reference Book on Conjuration and Transformation
118479 | Zig:13   | Entered Level 13 of a ziggurat
118558 | Zig:13   | Identified the ring of Aphaw {Ice rElec rN+}
118648 | Zig:14   | Entered Level 14 of a ziggurat
118670 | Zig:14   | Reached skill level 22 in Long Blades
118699 | Zig:14   | Identified the +6 falchion "Imowytsa" {holy, rCorr}
118709 | Zig:14   | Identified the +8 flail of Havoc {flame, Dex+4}
118711 | Zig:14   | Identified the +3 leather armour "Yrux" {Dex+2}
118721 | Zig:14   | Identified the ring "Vyzou" {rElec rN+ Str-4 Dex+6}
118728 | Zig:14   | Identified the +4 ring mail "Abonohiu" {rCorr Int+3 Dex+3}
118810 | Zig:15   | Entered Level 15 of a ziggurat
118825 | Zig:15   | Learned a level 9 spell: Shatter
118831 | Zig:15   | Found the +8 lance "Wyrmbane" {slay drac, rPois rF+ rC+
                  | AC+3}
118832 | Zig:15   | Noticed an ancient lich
118841 | Zig:15   | Noticed an ancient lich
118844 | Zig:15   | Killed an ancient lich
118849 | Zig:15   | Killed an ancient lich
119003 | Zig:16   | Entered Level 16 of a ziggurat
119068 | Zig:16   | Identified the ring "Luupacy" {rF+ Str+4 Dex-5 SInv Stlth+}
119071 | Zig:16   | Identified the ring of Dithmenos's Delight {rPois Int+6
                  | Dex+4}
119084 | Zig:16   | Identified the +1 scale mail of a volcano {Fly Str+3 Int+4}
119089 | Zig:16   | Identified the +9 flail of Bust {speed, rF++ rCorr Int-5
                  | Dex+3}
119210 | Zig:17   | Entered Level 17 of a ziggurat
119221 | Zig:17   | Noticed a juggernaut
119222 | Zig:17   | Noticed a juggernaut
119223 | Zig:17   | Noticed a juggernaut
119229 | Zig:17   | Killed a juggernaut
119240 | Zig:17   | Killed a juggernaut
119247 | Zig:17   | Killed a juggernaut
119263 | Zig:17   | Found the +3 robe of Clouds {*Thunder rCloud rElec}
119332 | Zig:17   | Identified the ring "Pedux" {rN++ rCorr EV+4 SInv Stlth-}
119339 | Zig:17   | Got the Collected Works on Floating Venom
119345 | Zig:17   | Reached skill level 23 in Long Blades
119386 | Zig:18   | Entered Level 18 of a ziggurat
119397 | Zig:18   | Noticed an ancient lich
119397 | Zig:18   | Noticed an ancient lich
119398 | Zig:18   | Noticed an ancient lich
119399 | Zig:18   | Noticed an ancient lich
119402 | Zig:18   | Killed an ancient lich
119403 | Zig:18   | Killed an ancient lich
119404 | Zig:18   | Killed an ancient lich
119404 | Zig:18   | Killed an ancient lich
119535 | Zig:18   | Got the Compendium of Fetching Heat
119563 | Zig:19   | Entered Level 19 of a ziggurat
119724 | Zig:19   | Identified the ring of Xaojoi {rN+ rCorr Dex+4}
119768 | Zig:19   | Identified the +1 robe of Resilience {Str+6}
119771 | Zig:19   | Identified the +3 great mace "Goblinbane" {vamp, rElec rF+}
119774 | Zig:20   | Entered Level 20 of a ziggurat
119789 | Zig:20   | Found the brooch of Shielding {Spirit SH+8}
119852 | Zig:21   | Entered Level 21 of a ziggurat
119854 | Zig:21   | Reached skill level 24 in Long Blades
119875 | Zig:21   | Noticed an ancient lich
119880 | Zig:21   | Found the +3 giant club "Skullcrusher" {speed, Str+7}
119881 | Zig:21   | Noticed an ancient lich
119884 | Zig:22   | Entered Level 22 of a ziggurat
119907 | Zig:22   | Found the +2 hood of the Assassin {Detection Stab+ Stlth++}
119911 | Zig:22   | Identified the +1 helmet of Kuropp {rN+ Dex+7 Slay-6}
120159 | Hell     | Entered the Vestibule of Hell
120159 | Hell     | Noticed Geryon
120206 | Hell     | Killed Geryon
120466 | Hell     | Learned a level 7 spell: Orb of Destruction
120832 | Hell     | Found a gateway to the Iron City of Dis.
120854 | Hell     | Found a gateway to the ashen valley of Gehenna.
120896 | Hell     | Found a gateway to the decaying netherworld of Tartarus.
120941 | Hell     | Found a gateway to the freezing wastes of Cocytus.
121048 | Geh:1    | Entered Level 1 of Gehenna
122020 | Geh:7    | Entered Level 7 of Gehenna
122737 | Geh:7    | Identified the +3 scale mail of Sin {Will+++ Str+4 Stlth+}
123213 | Geh:7    | Found the +7 sceptre of Asmodeus
123213 | Geh:7    | Noticed Asmodeus
123284 | Geh:7    | Killed Asmodeus
123330 | Geh:7    | Got an obsidian rune of Zot
123551 | Tar:1    | Entered Level 1 of Tartarus
123555 | Tar:1    | Reached skill level 25 in Long Blades
123773 | Coc:1    | Entered Level 1 of Cocytus
124008 | Coc:4    | HP: 6/228 [nargun (8)]
124008 | Coc:4    | Slain by a nargun

Illustrated notes

Levels and vault maps discovered:
D:1:      sevenhm_arrival_forest_fort_small_5, layout_rooms, serial_aquarium,
          aquarium_bridge_square [aquarium_subvault_bridge,
          aquarium_subvault_wall, aquarium_subvault_bridge,
          aquarium_subvault_window], aquarium_window_corner, aquarium_window_1,
          aquarium_window_2, aquarium_view_2a, serial_shops, shop,
          nicolae_shop_advertising_works [nicolae_subvault_shop_adworks], shop,
          nicolae_shop_temple_entry_statues_fountains
D:2:      layout_loops_ring, shapermc_ecumenical_altar_rom_forum,
          wander_ebering_terrifying_dragon_lair, uniq_sigmund
D:3:      layout_loops_ring, mainiacjoe_overflow_small_starburst, st_stairs_11
D:4:      layout_basic, kennysheep_mini, lemuel_doored_altar,
          grunt_decor_junction, minmay_fountain_box
D:5:      layout_cave_pools, grunt_gozag_breadcrumbs, st_stairs_8,
          minmay_small_thing
D:6:      nicolae_cairo_tiling_large_dashed, layout_basic,
          minmay_misc_feat_hallway, minivault_10, nicolae_specific_store,
          corexii_checkpoint_b, chequers_serial_rivers_small_3
D:7:      layout_basic, mainiacjoe_overflow_large_starburst,
          minmay_temple_entry_glass, nicolae_stop_n_shop_2, worms_lemuel
D:8:      layout_rooms, nicolae_overflow_hidden_temple, grunt_ogre_cave,
          hangedman_ranch
D:9:      layout_basic, serial_undead, serial_undead_f, serial_undead_c,
          serial_undead_e, serial_undead_e, uniq_maurice
D:10:     layout_cross, uniq_josephine
D:11:     layout_roguey, serial_rivers, chequers_serial_rivers_marsh,
          chequers_serial_rivers_micro_b, chequers_serial_rivers_large_b,
          chequers_serial_rivers_small_3, portal_ice_cave_entry_pillars_1,
          uniq_grum
D:12:     layout_cave_pools, ebering_ghost_inner_flame
D:13:     layout_basic, lightli_vaults_fourway_checkpoint
D:14:     layout_rooms, serial_rivers, chequers_serial_rivers_micro_e,
          chequers_serial_rivers_room_a, chequers_serial_rivers_room_a,
          chequers_serial_rivers_micro_a, serial_shops, shop,
          nicolae_tso_swordbearing_angel
D:15:     grunt_enter_depths_snipers, layout_grid_maze,
          hangedman_abyss_or_decor_stagger, gauntlet_entry_generic
Temple:   minmay_temple_curvy_branch
Lair:1:   beast_lair_carwin_large_1, layout_gridlike, fungi_pond_lemuel,
          serial_bayou_pond_e
Lair:2:   layout_loops_ring, minmay_shoals_entry_centaurs, dummy_spider_entry
Lair:3:   layout_regular_city, uniq_snorg
Lair:4:   layout_cave_pods, serial_bayou_ford_a, roderic_carrion_pond
Lair:5:   nzn_winding_woodlands_cross [nzn_winding_woodlands_5x15_jagged,
          nzn_winding_woodlands_5x15_concentric, nzn_winding_woodlands_5x15_eye,
          nzn_winding_woodlands_5x15_river_crossing,
          nzn_winding_woodlands_15x15_killbox], layout_regular_city,
          beast_lair_carwin_6, infiniplex_staircase_pool_2
Lair:6:   evilmike_catoblepas_cave, layout_cave_pods, minmay_slime_entry_eyes,
          lemuel_fruit_tree
Shoals:1: layout_shoals, uniq_jorgrun
Shoals:2: cheibrodos_shoals_three_sisters, layout_shoals,
          ebering_ghost_reflecting_pool, uniq_frances
Shoals:3: layout_shoals, lightli_airlock, uniq_roxanne
Shoals:4: shoals_end_simple, layout_shoals, uniq_kirke
Spider:1: layout_cave_pods, uniq_rupert
Spider:2: spiders_nest_scorpion_pit
Spider:3: layout_spider_delve
Spider:4: spider_rune_water, nicolae_spider_nooks_and_crannies
Slime:1:  layout_caves, amcnicky_altar_lugonu_corruption
Slime:2:  layout_caves
Slime:3:  layout_caves
Slime:4:  layout_caves
Slime:5:  uniq_dissolution
Orc:1:    layout_caves, serial_shops, nicolae_shop_statue_plus, basic_altar,
          hellmonk_ghost_happy_afterlife, minmay_orc_temple_a
Orc:2:    st_orc_town, layout_caves, nicolae_orc_bridge_out
Elf:1:    layout_geoelf_grid, orc_legates
Elf:2:    elven_hall_of_blades_hangedman_original [nicolae_blade_little_rooms],
          layout_loops_cross, minmay_elf_necromancy
Elf:3:    minmay_elf_hall_x, layout_loops_cross
Vaults:1: ontoclasm_vaults_spin, minmay_guarded_unrand_guard_vaults, v_misc_30,
          nicolae_vaults_little_squares_6, hangedman_vaults_stream,
          nicolae_vaults_network_barrier, vaults_mumra_minichess_inversion,
          vaults_room_corners, nicolae_vaults_asterisk,
          nicolae_vaults_little_ls, layout_vaults_quadrants
Vaults:2: ontoclasm_vaults_gateway, nicolae_vaults_triangles, v_misc_29,
          hangedman_vaults_hat, ontoclasm_vaults_loading_screen,
          grunt_vaults_diagonal, nicolae_vaults_network_star,
          ontoclasm_vaults_decontamination, layout_vaults_chaotic_city,
          uniq_bai_suzhen, uniq_mennas
Vaults:3: nicolae_vaults_back_hallway, hangedman_vaults_slither,
          nicolae_vaults_hallways_thing, ontoclasm_vaults_pinch, v_rooms_2,
          nicolae_vaults_little_squares_6, minmay_crypt_entry_necro_gods,
          vaults_mumra_minichess, vaults_dpeg_ring, layout_vaults_ring
Vaults:4: ebering_ghost_xom, v_misc_26, v_misc_30,
          nicolae_vaults_yaktaur_gun_rack, vaults_room_pools,
          hangedman_vaults_slice, grunt_tower_of_power,
          nicolae_vaults_shelves_hall, nicolae_vaults_little_squares_6,
          layout_vaults_omnicross, serial_shops, shop
Vaults:5
Crypt:1:  layout_regular_city, amcnicky_mini_rare_corridor_liquid, st_stairs_12,
          hellmonk_scarab_ruin, grunt_megastairs_2, uniq_saint_roka
Crypt:2:  layout_regular_city, st_stairs_1, evilmike_ambush
          [evilmike_ambush_outer_basic, evilmike_ambush_inner_wall_1]
Crypt:3:  cryptofortress_bobbens
Depths:1: layout_gridlike, nicolae_figureground_sparkle, mu_enter_wizlab_6,
          pf_vacation_house_of_asmodeus, abyss_entry, kennysheep_diamond,
          nicolae_transmutations_shop, minmay_crystal_water,
          minmay_hollow_rounded_squares, uniq_nikola
Depths:2: minmay_central_circle, layout_small_grid, enter_ziggurat_b,
          grunt_decor_cap, lightli_too_deep, rand_demon_pan_entry_7,
          nicolae_yredelemnul_corpse_copse, infiniplex_staircase_hallway_doors
Depths:3: grunt_deathspiral_small, layout_basic, serial_shops,
          nicolae_shop_behind_doors, hellmouth_1, abyss_entry
Depths:4: evilmike_zot_entry_round, layout_basic, minmay_misc_feat_roman,
          hell_entry, st_stairs_6, minmay_microvault, minmay_shop_grove
Hell
Geh:1:    nicolae_geh_tyrants_menagerie, layout_gehenna_pools_basic
Geh:2:    layout_gehenna_pools_box, nicolae_geh_lavax
Geh:3:    layout_gehenna_pools_box
Geh:4:    layout_gehenna_lava_caves
Geh:5:    layout_gehenna_pools_basic
Geh:6:    hangedman_generic_boss_arena
Geh:7:    evilmike_geh
Coc:1:    nicolae_coc_three_mouths, layout_cocytus_water_paths
Coc:2:    nicolae_coc_through_the_icewall, layout_ice_bergs, special_room
          [special_room_morgue]
Coc:3:    layout_ice_bergs
Coc:4:    layout_cocytus_delve
Tar:1:    layout_honeycomb
Zot:1:    layout_basic
Zot:2:    kennysheep_six_static_rooms, layout_twisted_circle
Zot:3:    layout_gridlike, grunt_ministairs_12
Zot:4:    gammafunk_dig_for_victory, layout_cellular_growth, skrybe_zot_glass_3

Skill      XL: |  1  2  3  4  5  6  7  8  9 10 11 12 13 14 15 16 17 18 19 20 21 22 23 24 25 26 27 |
---------------+----------------------------------------------------------------------------------+-----
Conjurations   | 2 3 4 5 6 7 8 9 10 11 12 13 14 15 18 | 18.3
Spellcasting   | 5 6 7 8 9 10 11 12 13 14 15 16 17 18 21 | 21.7
Invocations    | 1 2 3 4 5 6 7 8 9 10 11 12 13 14 15 16 17 18 19 22 | 22.9
Fighting       | 1 2 3 4 5 6 7 8 9 10 11 12 13 14 15 16 17 18 21 | 21.2
Short Blades   | 1 2 3 4 5 6 7 8 9 10 11 12 13 14 15 16 17 18 23 | 23.4
Long Blades    | 1 2 3 4 5 6 7 8 9 10 11 12 13 14 15 16 17 18 19 25 | 25.0
Axes           | 1 2 3 4 5 6 7 8 9 10 11 12 13 14 15 16 17 18 21 | 21.2
Maces & Flails | 1 2 3 4 5 6 7 8 9 10 11 12 13 14 15 16 17 18 22 | 22.4
Polearms       | 1 2 3 4 5 6 7 8 9 10 11 12 13 14 15 16 17 18 21 | 21.2
Staves         | 1 2 3 4 5 6 7 8 9 10 11 12 13 14 15 16 17 18 21 | 21.2
Slings         | 1 2 3 4 5 6 7 8 9 10 11 12 13 14 15 16 17 18 21 | 21.2
Bows           | 1 2 3 4 5 6 7 8 9 10 11 12 13 14 15 16 17 18 23 | 23.0
Crossbows      | 1 2 3 4 5 6 7 8 9 10 11 12 13 14 15 16 17 18 21 | 21.2
Throwing       | 1 2 3 4 5 6 7 8 9 10 11 12 13 14 15 16 17 18 21 | 21.2
Armour         | 1 2 3 4 5 6 7 8 9 10 11 12 13 14 15 16 17 18 21 | 21.2
Shields        | 1 2 3 4 5 6 7 8 9 10 11 12 13 14 15 16 17 18 21 | 21.2
Unarmed Combat | 1 2 3 4 5 6 7 8 9 10 11 12 13 14 15 16 17 18 21 | 21.2
Evocations     | 1 2 3 4 5 6 7 8 9 10 11 12 13 14 15 16 17 18 21 | 21.2
Hexes          | 1 2 3 4 5 6 7 8 9 10 11 12 13 14 15 18 | 18.1
Summonings     | 1 2 3 4 5 6 7 8 9 10 11 12 13 14 15 18 | 18.1
Necromancy     | 1 2 3 4 5 6 7 8 9 10 11 12 13 14 15 19 | 19.8
Translocations | 1 2 3 4 5 6 7 8 9 10 11 12 13 14 15 18 | 18.1
Transmutations | 1 2 3 4 5 6 7 8 9 10 11 12 13 14 15 18 | 18.1
Ice Magic      | 1 2 3 4 5 6 7 8 9 10 11 12 13 14 15 18 | 18.1
Air Magic      | 1 2 3 4 5 6 7 8 9 10 11 12 13 14 15 18 | 18.1
Earth Magic    | 1 2 3 4 5 6 7 8 9 10 11 12 13 14 15 18 | 18.1
Poison Magic   | 1 2 3 4 5 6 7 8 9 10 11 12 13 14 15 18 | 18.1
Dodging        | 5 6 7 8 9 10 11 12 13 14 15 16 17 18 21 | 21.6
Stealth        | 5 6 7 8 9 10 11 12 13 14 15 16 17 18 21 | 21.5
Fire Magic     | 6 7 8 9 10 11 12 13 14 15 16 18 | 18.8

Action                   |  1- 3 |  4- 6 |  7- 9 | 10-12 | 13-15 | 16-18 | 19-21 | 22-24 | 25-27 || total
-------------------------+-------+-------+-------+-------+-------+-------+-------+-------+-------++-------
Melee: Unarmed           |     9 |       |       |       |       |       |       |       |    26 ||    35
       Bite              |     1 |       |       |    17 |    64 |   113 |   253 |   420 |   733 ||  1601
       Trident           |       |       |     4 |       |       |       |       |       |       ||     4
       Dagger            |       |       |       |   114 |   109 |       |   286 |       |    88 ||   597
       Rapier            |       |       |       |       |   251 |   695 |  1067 |   963 |     1 ||  2977
       Eudemon blade     |       |       |       |       |       |       |       |   748 |  2897 ||  3645
       Lance             |       |       |       |       |       |       |       |       |   252 ||   252
       Punch             |       |       |       |       |       |       |       |       |     6 ||     6
Throw: Throwing net      |       |       |       |       |     1 |       |       |       |       ||     1
 Cast: Foxfire           |    93 |   101 |   246 |   670 |   844 |    10 |     1 |    19 |    10 ||  1994
       Scorch            |     1 |    10 |    85 |   162 |   275 |    28 |       |     5 |       ||   566
       Call Canine Famil |       |       |     2 |    49 |    50 |    34 |    14 |    35 |     2 ||   186
       Flame Wave        |       |       |       |     2 |    31 |     1 |       |       |       ||    34
       Freezing Cloud    |       |       |       |       |    24 |    48 |    54 |    13 |    35 ||   174
       Petrify           |       |       |       |       |    44 |   169 |   211 |   155 |    21 ||   600
       Airstrike         |       |       |       |       |       |   167 |    45 |    61 |    67 ||   340
       Yara's Violent Un |       |       |       |       |       |    15 |     5 |    22 |    10 ||    52
       Death Channel     |       |       |       |       |       |     1 |    42 |    34 |     4 ||    81
       Dispel Undead     |       |       |       |       |       |       |     7 |    37 |    57 ||   101
       Borgnjor's Vile C |       |       |       |       |       |       |       |    37 |   322 ||   359
       Eringya's Noxious |       |       |       |       |       |       |       |     4 |       ||     4
       Summon Cactus Gia |       |       |       |       |       |       |       |       |    32 ||    32
       Summon Mana Viper |       |       |       |       |       |       |       |       |    17 ||    17
       Summon Hydra      |       |       |       |       |       |       |       |       |     9 ||     9
       Ignition          |       |       |       |       |       |       |       |       |    29 ||    29
       Discord           |       |       |       |       |       |       |       |       |    27 ||    27
       Blink             |       |       |       |       |       |       |       |       |     7 ||     7
       Orb of Destructio |       |       |       |       |       |       |       |       |     6 ||     6
       Storm Form        |       |       |       |       |       |       |       |       |     3 ||     3
       Statue Form       |       |       |       |       |       |       |       |       |     3 ||     3
Invok: Call Merchant     |       |       |       |       |     4 |     1 |     4 |     1 |       ||    10
       Potion Petition   |       |       |       |       |       |       |       |     2 |    18 ||    20
 Abil: Blinkbolt         |       |       |       |       |       |       |       |       |     2 ||     2
       End Transformatio |       |       |       |       |       |       |       |       |     1 ||     1
Evoke: Wand              |       |       |     1 |    10 |    13 |       |     8 |     2 |    17 ||    51
       Lightning rod     |       |       |       |       |     4 |     5 |    12 |    10 |     9 ||    40
       Box of beasts     |       |       |       |       |       |       |       |     4 |     2 ||     6
       Condenser vane    |       |       |       |       |       |       |       |     3 |     2 ||     5
       Phantom mirror    |       |       |       |       |       |       |       |     1 |       ||     1
  Use: Scroll            |       |       |       |    16 |    18 |    14 |     9 |    22 |    39 ||   118
       Potion            |       |       |       |       |     2 |    11 |     4 |    20 |    36 ||    73
 Stab: Distracted        |       |       |       |     5 |     7 |     4 |    27 |    28 |    57 ||   128
       Held in net/web   |       |       |       |       |     2 |       |       |       |       ||     2
       Sleeping          |       |       |       |       |     4 |    24 |    26 |    34 |    64 ||   152
       Petrified         |       |       |       |       |    35 |    73 |    95 |    79 |    29 ||   311
       Petrifying        |       |       |       |       |     8 |    30 |    67 |    65 |     7 ||   177
       Paralysed         |       |       |       |       |     1 |       |       |       |       ||     1
       Invisible         |       |       |       |       |       |       |       |     1 |     2 ||     3
       Confused          |       |       |       |       |       |       |       |       |     1 ||     1
Armor: Robe              |     4 |     1 |     6 |       |       |       |       |       |   212 ||   223
       Leather armour    |       |       |     2 |   146 |   249 |   213 |   262 |       |       ||   872
       Ice dragon scales |       |       |       |       |       |       |   123 |   559 |  1011 ||  1693
       Skin              |       |       |       |       |       |       |       |       |    18 ||    18
Dodge: Dodged            |    20 |     6 |    40 |   278 |   465 |   398 |   698 |   634 |  1504 ||  4043
Block: Buckler           |       |       |     6 |   101 |   201 |    52 |       |       |       ||   360
       Kite shield       |       |       |       |       |       |   281 |  1102 |  1016 |  2828 ||  5227

Table legend: (Time is in decaauts)
 A = Elapsed time spent in this place.
 B = Non-inter-level travel time spent in this place.
 C = Inter-level travel time spent in this place.
 D = Time resting spent in this place.
 E = Time spent auto-exploring this place.
 F = Levels seen in this place.
 G = Mean time per level.
                   A        B        C        D        E       F      G
               +--------+--------+--------+--------+--------+-----+--------+
         Total | 121774 | 114274 |   7500 |  33524 |  50509 |  99 | 1230.0 |
       Dungeon |  26206 |  23352 |   2854 |   4653 |  14272 |  15 | 1747.1 |
        Temple |    248 |    244 |      4 |      0 |    244 |   1 |  248.0 |
          Lair |  14820 |  13325 |   1495 |   2774 |   8292 |   6 | 2470.0 |
        Shoals |   6986 |   6598 |    388 |   1163 |   3341 |   4 | 1746.5 |
   Spider Nest |   5485 |   5289 |    196 |   1037 |   2383 |   4 | 1371.2 |
    Slime Pits |   3060 |   3013 |     47 |   2059 |     27 |   5 |  612.0 |
  Orcish Mines |   4808 |   4522 |    286 |   1442 |   2112 |   2 | 2404.0 |
   Elven Halls |  11206 |  10902 |    304 |   6106 |   2515 |   3 | 3735.3 |
        Vaults |  14251 |  13399 |    852 |   3261 |   6142 |   5 | 2850.2 |
         Crypt |   5649 |   5513 |    136 |    710 |   3331 |   3 | 1883.0 |
        Depths |  12215 |  11535 |    680 |   4256 |   4922 |   4 | 3053.8 |
          Hell |    770 |    761 |      9 |    138 |    266 |   1 |  770.0 |
       Gehenna |   2343 |   2292 |     51 |    788 |      0 |   7 |  334.7 |
       Cocytus |    211 |    211 |      0 |      0 |      0 |   4 |   52.8 |
      Tartarus |     23 |     23 |      0 |      0 |      0 |   1 |   23.0 |
           Zot |   7152 |   6962 |    190 |   2908 |   2372 |   4 | 1788.0 |
         Abyss |   1878 |   1878 |      0 |    351 |     95 |   6 |  313.0 |
      Ziggurat |   3738 |   3738 |      0 |   1624 |    100 |  22 |  169.9 |
        Wizlab |    168 |    168 |      0 |     81 |     10 |   1 |  168.0 |
      Gauntlet |    548 |    548 |      0 |    170 |     85 |   1 |  548.0 |
               +--------+--------+--------+--------+--------+-----+--------+

Top non-repeatable levels by time:
  Lair:6: 4534 daAuts
   Elf:2: 4338 daAuts
Vaults:5: 4336 daAuts
Depths:1: 4069 daAuts
   Elf:3: 3954 daAuts
Vaults:1: 3211 daAuts
Depths:2: 3089 daAuts
   Elf:1: 2913 daAuts
   Orc:1: 2863 daAuts
  Lair:4: 2711 daAuts
Depths:4: 2646 daAuts
  Lair:3: 2616 daAuts
   Zot:2: 2518 daAuts
Vaults:2: 2509 daAuts
Depths:3: 2409 daAuts
